Workbook
Name Constr: '23938'!$A$1
Name Constr: '24221'!$A$7
Name Constr: '24289'!$A$7
Name Constr: '24671'!$A$1
Name Constr: '24780'!$A$1
Name Constr: '24798'!$A$1
Name FOT: '23938'!$D$17
Name FOT: '24221'!$D$15
Name FOT: '24289'!$D$17
Name FOT: '24671'!$D$18
Name FOT: '24780'!$D$18
Name FOT: '24798'!$D$18
Name Ind: '23938'!#REF!
Name Ind: '24221'!$H$9
Name Ind: '24289'!$H$9
Name Ind: '24671'!$G$9
Name Ind: '24780'!$G$9
Name Ind: '24798'!$G$9
Name Obj: '23938'!$D$10
Name Obj: '24221'!#REF!
Name Obj: '24289'!#REF!
Name Obj: '24671'!#REF!
Name Obj: '24780'!#REF!
Name Obj: '24798'!#REF!
Name Obosn: '23938'!$D$13
Name Obosn: '24221'!$D$13
Name Obosn: '24289'!$D$13
Name Obosn: '24671'!$D$13
Name Obosn: '24780'!$D$13
Name Obosn: '24798'!$D$13
Name SmPr: '23938'!$D$14
Name SmPr: '24221'!$D$14
Name SmPr: '24289'!$D$14
Name SmPr: '24671'!$D$14
Name SmPr: '24780'!$D$14
Name SmPr: '24798'!$D$14
Name аааааппппппрррппппппп: #REF!
Name аааааппппппрррппппппп: #REF!
Name аараооооооооооооо: #REF!
Name аараооооооооооооо: #REF!
Name автом: #REF!
Name автом: #REF!
Name алшрльоплварл: #REF!
Name алшрльоплварл: #REF!
Name аолвлддддддддддддддддввввввввв: #REF!
Name аолвлддддддддддддддддввввввввв: #REF!
Name апарв: #REF!
Name апарв: #REF!
Name апрлдджаоырыфрпопрлпрлпрлп: #REF!
Name апрлдджаоырыфрпопрлпрлпрлп: #REF!
Name арлггаджаш: #REF!
Name арлггаджаш: #REF!
Name ароррбллтблпроорапииас: #REF!
Name ароррбллтблпроорапииас: #REF!
Name арррррблллпдрлдддддддддд: #REF!
Name арррррблллпдрлдддддддддд: #REF!
Name варпаааааааааа: #REF!
Name варпаааааааааа: #REF!
Name ввпьььььлднд: #REF!
Name ввпьььььлднд: #REF!

Sheet 23938
A1: СОГЛАСОВАНО: | E1: ФГУП "Комбинат "Электрохимприбор" | M1: УТВЕРЖДАЮ:
G2: (наименование стройки) | M2: Зам. генерального директора
M3: Е.В.Гордеев
A4: _________________ | M4: _________________
A5: " _____ " ________________ 2013 г. | M5: "______ " __________2013 г.
G6: ЛОКАЛЬНЫЙ СМЕТНЫЙ РАСЧЕТ № 23938-П13
G7: (пересчет сметы № 23938)
C9: на | D9: монтаж СОУЭ, системы отключения вентиляции при пожаре. Здание 292. Инв. № 7612877
D10: Раздел: электроснабжение огнезадерживающих клапанов.
G11: (наименование работ и затрат, наименование объекта)
D13: Основание: проект № 23926-11-ЭМ "И" Тема КПМ Т6243.220 | N13: Справочно, в тыс.руб. :
D14: Сметная стоимость _______________________________________________________________________________________________ | J14: ___________________________160,906 | L14: тыс. руб. | N14: ВСЕГО: | P14: =P15+P16 -> 731.21691
D15: монтажных работ _______________________________________________________________________________________________ | J15: _______________________________________________________________________________________________41,621 | L15: тыс. руб. | N15: с К=5,56 | P15: =41.621*5.56 -> 231.41276
D16: оборудования _______________________________________________________________________________________________ | J16: _______________________________________________________________________________________________119,285 | L16: тыс. руб. | N16: с К=4,19 | P16: =119.285*4.19 -> 499.80415
D17: Средства на оплату труда _______________________________________________________________________________________________ | J17: ___________________________5,393 | L17: тыс. руб. | N17: с К=5,56 | P17: =5.393*5.56 -> 29.98508
D18: Сметная трудоемкость _______________________________________________________________________________________________ | J18: _______________________________________________________________________________________________274,74 | L18: чел.час
D19: Составлен(а) в базовых ценах 2001г. в редакции 2009г.
A21: № пп | B21: Обоснова-ние | C21: Наименование | D21: Ед. изм. | E21: Кол. | F21: Стоимость единицы, руб. | J21: Общая стоимость, руб. | O21: Т/з осн. раб.на ед. | P21: Т/з осн. раб. Всего | Q21: Общая масса обору-дования, т
F22: Всего | G22: В том числе | J22: Обору-дование | K22: Всего | L22: В том числе
G23: Осн.З/п | H23: Эк.Маш | I23: З/пМех | L23: Осн.З/п | M23: Эк.Маш | N23: З/пМех
A24: 1 | B24: 2 | C24: 3 | D24: 4 | E24: 5 | F24: 6 | G24: 7 | H24: 8 | I24: 9 | J24: 10 | K24: 11 | L24: 12 | M24: 13 | N24: 14 | O24: 15 | P24: 16 | Q24: 17
A25: Раздел 1. Монтажные работы
A26: 1 | B26: ФССЦ-501-8443 | C26: Кабель силовой с медными жилами с поливинилхлоридной изоляцией и оболочкой, не распространяющий горение марки ВВГнг, напряжением 0,66 кВ, с числом жил - 3 и сечением 2,5 мм2 КОЭФ. К ПОЗИЦИИ: Приведение расценок ФЕР к территориальному уровню (Письмо УРЦЦС Ц-297 от 12.04.2011) ОЗП=1,41; ЭМ=1,242; ЗПМ=1,41; МАТ=1,052 | D26: 1000 м | E26: 0.612 | F26: 5064.35 | K26: 3099
A27: 2 | B27: ТСЦ-501-0796 | C27: Кабели контрольные с медными жилами с поливинилхлоридной изоляцией и оболочкой марки КВВГ, с числом жил - 4 и сечением 1 мм2 | D27: 1000 м | E27: 0.0306 | F27: 6929 | K27: 212
A28: 3 | B28: ТЕРм08-02-148-01 | C28: Кабель до 35 кВ в проложенных трубах, блоках и коробах, масса 1 м кабеля до 1 кг | D28: 100 м кабеля | E28: 0.5 | F28: 798.84 | G28: 168.02 | H28: 544.81 | I28: 57.87 | K28: 399 | L28: 84 | M28: 272 | N28: 29 | O28: 12.4 | P28: 6.2
A29: 4 | B29: ТЕРм08-02-146-01 | C29: Кабель до 35 кВ с креплением накладными скобами, масса 1 м кабеля до 0,5 кг | D29: 100 м кабеля | E29: 5.8 | F29: 2828.73 | G29: 199.19 | H29: 1292.95 | I29: 147.72 | K29: 16407 | L29: 1155 | M29: 7499 | N29: 857 | O29: 14.7 | P29: 85.26
A30: 5 | B30: ТЕРм08-02-407-01 | C30: Труба стальная по установленным конструкциям, по стенам с креплением скобами, диаметр до 25 мм | D30: 100 м | E30: 0.5 | F30: 2527.2 | G30: 408.1 | H30: 897.93 | I30: 320.97 | K30: 1264 | L30: 204 | M30: 449 | N30: 160 | O30: 30.8 | P30: 15.4
A31: 6 | B31: ТЕРм08-02-158-04 | C31: Заделка концевая сухая для контрольного кабеля сечением одной жилы до 2,5 мм2, количество жил до 4 | D31: 1 шт. | E31: 42 | F31: 38.4 | G31: 3.52 | H31: 2.92 | I31: 0.18 | K31: 1613 | L31: 148 | M31: 123 | N31: 8 | O31: 0.26 | P31: 10.92
A32: 7 | B32: ТЕРм08-02-144-01 | C32: Присоединение к зажимам жил проводов или кабелей сечением до 2,5 мм2 | D32: 100 шт. | E32: 1.26 | F32: 165.85 | G32: 162.6 | K32: 209 | L32: 205 | O32: 12 | P32: 15.12
A33: 8 | B33: ТЕРм08-03-481-20 | C33: Подготовка электрической машины переменного тока с короткозамкнутым ротором, со щитовыми подшипниками, поступающей в собранном виде, к испытанию, сдаче под наладку и пуску, присоединение к электрической сети, масса до 0,15 т | D33: 1 шт. | E33: 37 | F33: 94.2 | G33: 16.9 | H33: 0.99 | K33: 3485 | L33: 625 | M33: 37 | O33: 1.21 | P33: 44.77
A34: 9 | B34: Цена поставщика | C34: Устройство сигнально-пусковое УСПП "Диабаз-БМ" НС 199.000.04 (Ц:565805,98:1,18:4,19) счет № 02-9050-42 от 11.12.2012г. | D34: шт | E34: 1 | J34: 114438 | K34: 114438
A35: 10 | B35: ТЕРм10-08-001-01 прим. | C35: Монтаж: устройство сигнально-пусковое УСПП "Диабаз-БМ" | D35: 1 шт. | E35: 1 | F35: 117.52 | G35: 102.02 | H35: 0.46 | K35: 118 | L35: 102 | O35: 7.2 | P35: 7.2
A36: 11 | B36: ТСЦ-103-0001 | C36: Трубы стальные сварные водогазопроводные с резьбой черные легкие (неоцинкованные) диаметр условного прохода 15 мм, толщина стенки 2,5 мм | D36: м | E36: 3.6 | F36: 12.41 | K36: 45
A37: 12 | B37: ТЕРм08-02-407-06 | C37: Монтаж: труба стальная (гильза) | D37: 100 м | E37: 0.036 | F37: 1621.52 | G37: 251.75 | H37: 175.48 | I37: 8.55 | K37: 58 | L37: 9 | M37: 6 | O37: 19 | P37: 0.68
A38: 13 | B38: ТСЦ-103-0002 | C38: Трубы стальные сварные водогазопроводные с резьбой черные легкие (неоцинкованные) диаметр условного прохода 20 мм, толщина стенки 2,5 мм | D38: м | E38: 50 | F38: 14.72 | K38: 736
A39: 14 | B39: ТЕРм08-02-407-06 | C39: Труба стальная по установленным конструкциям, в готовых бороздах, по основанию пола, диаметр до 25 мм | D39: 100 м | E39: 0.5 | F39: 1621.52 | G39: 251.75 | H39: 175.48 | I39: 8.55 | K39: 811 | L39: 126 | M39: 88 | N39: 4 | O39: 19 | P39: 9.5
A40: 15 | B40: ТЕРм08-02-155-01 | C40: Герметизация проходов при вводе кабелей во взрывоопасные помещения уплотнительной массой | D40: 1 проход кабеля | E40: 18 | F40: 22.58 | G40: 6.37 | K40: 406 | L40: 115 | O40: 0.47 | P40: 8.46
A41: Итого прямые затраты по смете в ценах 2001г. | K41: 143300 | L41: 2773 | M41: 8474 | N41: 1058 | P41: 203.51
A42: Итого прямые затраты по смете с учетом коэффициентов к итогам | K42: 152305 | L42: 3904 | M42: 11501 | N42: 1489 | P42: 274.74
A43: В том числе, справочно:
A44: Районный к-т 4,3% (Поз. 3-8, 12, 14-15, 10) | K44: 164 | L44: 119 | M44: 45 | N44: 45
A45: Транспортные расходы на оборудование - согласно п.4.60 из МДС 81-35.2004 ПЗ=1,03 (ОЗП=1,03; ЭМ=1,03; МАТ=1,03) (Поз. 9) | K45: 3433
A46: Заготовительно-складские расходы на оборудование - согласно п.4.64 из МДС 81-35.2004 ПЗ=1,012 (ОЗП=1,012; ЭМ=1,012; МАТ=1,012) (Поз. 9) | K46: 1414
A47: 2. Производство монтажных работ в существующих зданиях и сооружениях в стесненных условиях ОЗП=1,35; ЭМ=1,35; ЗПМ=1,35; ТЗ=1,35; ТЗМ=1,35 (Поз. 3-8, 12, 14-15, 10) | K47: 3994 | L47: 1012 | M47: 2982 | N47: 386 | P47: 71.2285
A48: Накладные расходы | K48: 5102
A49: В том числе, справочно:
A50: 80% ФОТ (от 143) (Поз. 10) | K50: 114
A51: 95% ФОТ (от 5250) (Поз. 3-8, 12, 14-15) | K51: 4988
A52: Сметная прибыль | K52: 3499
A53: В том числе, справочно:
A54: 60% ФОТ (от 143) (Поз. 10) | K54: 86
A55: 65% ФОТ (от 5250) (Поз. 3-8, 12, 14-15) | K55: 3413
A56: Итоги по смете:
A57: Итого Монтажные работы | K57: 41621 | P57: 274.74
A58: Итого Оборудование | K58: 119285
A59: Итого | K59: 160906 | P59: 274.74
A60: В том числе:
A61: Материалы | K61: 17615
A62: Машины и механизмы | K62: =11501-N42 -> 10012
A63: ФОТ | K63: 5393
A64: Оборудование | K64: 119285
A65: Накладные расходы | K65: 5102
A66: Сметная прибыль | K66: 3499
A67: ВСЕГО по смете | K67: =SUM(K61:K66) -> 160906 | P67: 274.74

Sheet 24221
A1: СОГЛАСОВАНО: | E1: ФГУП "Комбинат "Электрохимприбор" | M1: УТВЕРЖДАЮ:
G2: (наименование стройки) | M2: Зам. генерального директора
M3: Е.В.Гордеев
A4: _________________ | M4: _________________
A5: " _____ " ________________ 2013 г. | M5: "______ " __________2013 г.
G6: ЛОКАЛЬНЫЙ СМЕТНЫЙ РАСЧЕТ № 24221-П13
G7: (пересчет сметы № 24221)
C9: на | D9: монтаж СОУЭ, системы отключения вентиляции при пожаре. Здание 292. Инв. № 7612877
D10: Раздел: управление пожарной автоматикой
G11: (наименование работ и затрат, наименование объекта)
D13: Основание: проект № 22262-04-АЭЛ "И" Тема КПМ Т6243.220 | N13: Справочно, в тыс.руб. :
D14: Сметная стоимость монтажных работ _______________________________________________________________________________________________ | J14: ___________________________187,278 | L14: тыс. руб. | N14: ВСЕГО: | P14: =187.278*5.56 -> 1041.2657
D15: Средства на оплату труда _______________________________________________________________________________________________ | J15: ___________________________20,280 | L15: тыс. руб. | N15: с К=5,56 | P15: =20.28*5.56 -> 112.7568
D16: Сметная трудоемкость _______________________________________________________________________________________________ | J16: _______________________________________________________________________________________________960,78 | L16: чел.час
D17: Составлен(а) в базовых ценах 2001г. в редакции 2009г.
A19: № пп | B19: Обоснование | C19: Наименование | D19: Ед. изм. | E19: Кол. | F19: Стоимость единицы, руб. | J19: Общая стоимость, руб. | N19: Т/з осн. раб.на ед. | O19: Т/з осн. раб. Всего | P19: Т/з мех. на ед. | Q19: Т/з мех. Всего
F20: Всего | G20: В том числе | J20: Всего | K20: В том числе
G21: Осн.З/п | H21: Эк.Маш | I21: З/пМех | K21: Осн.З/п | L21: Эк.Маш | M21: З/пМех
A22: 1 | B22: 2 | C22: 3 | D22: 4 | E22: 5 | F22: 6 | G22: 7 | H22: 8 | I22: 9 | J22: 10 | K22: 11 | L22: 12 | M22: 13 | N22: 14 | O22: 15 | P22: 16 | Q22: 17
A23: Раздел 1. Монтажные работы
A24: 1 | B24: ФССЦ-503-0533 | C24: Разветвительная коробка У-614 КОЭФ. К ПОЗИЦИИ: Приведение расценок ФЕР к территориальному уровню (Письмо УРЦЦС Ц-297 от 12.04.2011) ОЗП=1,41; ЭМ=1,242; ЗПМ=1,41; МАТ=1,052 | D24: шт. | E24: 10 | F24: 336.38 | J24: 3364
A25: 2 | B25: ТЕРм08-03-545-01 | C25: Коробка (ящик) с зажимами для кабелей и проводов сечением до 6 мм2, устанавливаемая на конструкции на стене или колонне, количество зажимов до 10 | D25: 1 шт. | E25: 10 | F25: 160.78 | G25: 43.86 | H25: 2.36 | J25: 1608 | K25: 439 | L25: 24 | N25: 3.31 | O25: 33.1
A26: 3 | B26: ФССЦ-503-0534 | C26: Разветвительная коробка У-615 КОЭФ. К ПОЗИЦИИ: Приведение расценок ФЕР к территориальному уровню (Письмо УРЦЦС Ц-297 от 12.04.2011) ОЗП=1,41; ЭМ=1,242; ЗПМ=1,41; МАТ=1,052 | D26: шт. | E26: 8 | F26: 588.54 | J26: 4708
A27: 4 | B27: ТЕРм08-03-545-02 | C27: Коробка (ящик) с зажимами для кабелей и проводов сечением до 6 мм2, устанавливаемая на конструкции на стене или колонне, количество зажимов до 20 | D27: 1 шт. | E27: 8 | F27: 260.86 | G27: 69.28 | H27: 3.07 | J27: 2087 | K27: 554 | L27: 25 | N27: 5.17 | O27: 41.36
A28: 5 | B28: ТСЦ-103-0002 | C28: Трубы стальные сварные водогазопроводные с резьбой черные легкие (неоцинкованные) диаметр условного прохода 20 мм, толщина стенки 2,5 мм | D28: м | E28: 100 | F28: 14.72 | J28: 1472
A29: 6 | B29: ТЕРм08-02-407-01 | C29: Труба стальная по установленным конструкциям, по стенам с креплением скобами, диаметр до 25 мм | D29: 100 м | E29: 1 | F29: 2527.2 | G29: 408.1 | H29: 897.93 | I29: 320.97 | J29: 2527 | K29: 408 | L29: 898 | M29: 321 | N29: 30.8 | O29: 30.8 | P29: 20.47 | Q29: 20.47
A30: 7 | B30: ТЕРм08-02-146-02 | C30: Кабель до 35 кВ с креплением накладными скобами, масса 1 м кабеля до 1 кг КОЭФ. К ПОЗИЦИИ: 0.6 При производстве работ на высоте свыше расстояний, указанных в вводных указаниях к разделам: св.2 до 8м ОЗП=1,05; ТЗ=1,05 | D30: 100 м кабеля | E30: 25.58 | F30: 3072.43 | G30: 237.6 | H30: 1497.69 | I30: 168.84 | J30: 78593 | K30: 6078 | L30: 38311 | M30: 4319 | N30: 17.54 | O30: 448.67 | P30: 9.55 | Q30: 244.29
A31: 8 | B31: ТЕРм08-02-148-01 | C31: Кабель до 35 кВ в проложенных трубах, блоках и коробах, масса 1 м кабеля до 1 кг | D31: 100 м кабеля | E31: 2.16 | F31: 798.84 | G31: 168.02 | H31: 544.81 | I31: 57.87 | J31: 1725 | K31: 363 | L31: 1177 | M31: 125 | N31: 12.4 | O31: 26.78 | P31: 3.39 | Q31: 7.32
A32: 9 | B32: ТЕРм08-02-158-04 | C32: Заделка концевая сухая для контрольного кабеля сечением одной жилы до 2,5 мм2, количество жил до 4 | D32: 1 шт. | E32: 64 | F32: 38.4 | G32: 3.52 | H32: 2.92 | I32: 0.18 | J32: 2458 | K32: 225 | L32: 187 | M32: 12 | N32: 0.26 | O32: 16.64 | P32: 0.01 | Q32: 0.64
A33: 10 | B33: ТЕРм08-02-158-06 | C33: Заделка концевая сухая для контрольного кабеля сечением одной жилы до 2,5 мм2, количество жил до 10 | D33: 1 шт. | E33: 10 | F33: 44.11 | G33: 7.05 | H33: 2.92 | I33: 0.18 | J33: 441 | K33: 71 | L33: 29 | M33: 2 | N33: 0.52 | O33: 5.2 | P33: 0.01 | Q33: 0.1
A34: 11 | B34: ТЕРм08-02-158-07 | C34: Заделка концевая сухая для контрольного кабеля сечением одной жилы до 2,5 мм2, количество жил до 14 | D34: 1 шт. | E34: 34 | F34: 46.46 | G34: 9.35 | H34: 2.92 | I34: 0.18 | J34: 1580 | K34: 318 | L34: 99 | M34: 6 | N34: 0.69 | O34: 23.46 | P34: 0.01 | Q34: 0.34
A35: 12 | B35: ТЕРм08-02-144-01 | C35: Присоединение к зажимам жил проводов или кабелей сечением до 2,5 мм2 | D35: 100 шт. | E35: 7.14 | F35: 165.85 | G35: 162.6 | J35: 1184 | K35: 1161 | N35: 12 | O35: 85.68
A36: 13 | B36: Цена поставщика | C36: Кабель судовой марки КНР с медными жилами: сечение жилы 1,0 мм2, 2 жилы (Цена:50800руб:1,18:4,38) | D36: км | E36: 1.85 | F36: 9828.96 | J36: 18184
A37: 14 | B37: Цена поставщика | C37: Кабели марок КУПР с неэкранированными жилами: сечение жилы 1,0 мм2, 4 жил (Цена:37490руб:1,18:4,38) | D37: км | E37: 0.18 | F37: 7253.7 | J37: 1306
A38: 15 | B38: Цена поставщика | C38: Кабели марок КУПР с неэкранированными жилами: сечение жилы 1,0 мм2, 7 жил (Цена:47590руб:1,18:4,38) | D38: км | E38: 0.08 | F38: 9207.88 | J38: 737
A39: 16 | B39: Цена поставщика | C39: Кабели марок КУПР с неэкранированными жилами: сечение жилы 1,0 мм2, 14 жил (Цена:80530руб:1,18:4,38) | D39: км | E39: 0.88 | F39: 15581.22 | J39: 13711
A40: Итого прямые затраты по смете в ценах 2001г. | J40: 135685 | K40: 9617 | L40: 40750 | M40: 4785 | O40: 711.69 | Q40: 273.16
A41: Итого прямые затраты по смете с учетом коэффициентов к итогам | J41: 154830 | K41: 13542 | L41: 55291 | M41: 6738 | O41: 960.78 | Q41: 368.77
A42: В том числе, справочно:
A43: Районный к-т 4,3% (Поз. 2, 4, 6-12) | J43: 620 | K43: 414 | L43: 206 | M43: 206
A44: Заготовительно-складские расходы на материалы - согласно п.4.64 из МДС 81-35.2004 МАТ=1,02 (Поз. 13-16) | J44: 679
A45: 2. Производство монтажных работ в существующих зданиях и сооружениях в стесненных условиях ОЗП=1,35; ЭМ=1,35; ЗПМ=1,35; ТЗ=1,35; ТЗМ=1,35 (Поз. 2, 4, 6-12) | J45: 17846 | K45: 3511 | L45: 14335 | M45: 1747 | O45: 249.0915 | Q45: 95.606
A46: Накладные расходы | J46: 19266
A47: В том числе, справочно:
A48: 95% ФОТ (от 20280) (Поз. 2, 4, 6-12) | J48: 19266
A49: Сметная прибыль | J49: 13182
A50: В том числе, справочно:
A51: 65% ФОТ (от 20280) (Поз. 2, 4, 6-12) | J51: 13182
A52: Итоги по смете:
A53: Итого | J53: 187278 | O53: 960.78 | Q53: 368.77
A54: В том числе:
A55: Материалы | J55: 85997
A56: Машины и механизмы | J56: =55291-M41 -> 48553
A57: ФОТ | J57: 20280
A58: Накладные расходы | J58: 19266
A59: Сметная прибыль | J59: 13182
A60: ВСЕГО по смете | J60: =SUM(J55:J59) -> 187278 | O60: 960.78 | Q60: 368.77

Sheet 24289
A1: СОГЛАСОВАНО: | E1: ФГУП "Комбинат "Электрохимприбор" | M1: УТВЕРЖДАЮ:
G2: (наименование стройки) | M2: Зам. генерального директора
M3: Е.В.Гордеев
A4: _________________ | M4: _________________
A5: " _____ " ________________ 2013 г. | M5: "______ " __________2013 г.
G6: ЛОКАЛЬНЫЙ СМЕТНЫЙ РАСЧЕТ № 24289-П13
G7: (пересчет сметы № 24289)
C9: на | D9: монтаж СОУЭ, системы отключения вентиляции при пожаре. Здание 292. Инв. № 7612877
D10: Раздел: управление пожарной автоматикой
G11: (наименование работ и затрат, наименование объекта)
D13: Основание: проект № ЖАЕ 10120 Тема КПМ Т6243.220 | N13: Справочно, в тыс.руб. :
D14: Сметная стоимость _______________________________________________________________________________________________ | J14: 9.494 | L14: тыс. руб. | N14: ВСЕГО: | P14: =P15+P16 -> 49.50138
D15: монтажных работ _______________________________________________________________________________________________ | J15: 7.096 | L15: тыс. руб. | N15: с К=5,56 | P15: =7.096*5.56 -> 39.45376
D16: оборудования _______________________________________________________________________________________________ | J16: 2.398 | L16: тыс. руб. | N16: с К=4,19 | P16: =4.19*2.398 -> 10.04762
D17: Средства на оплату труда _______________________________________________________________________________________________ | J17: ___________________________1,457 | L17: тыс. руб. | N17: с К=5,56 | P17: =1.457*5.56 -> 8.10092
D18: Сметная трудоемкость _______________________________________________________________________________________________ | J18: _______________________________________________________________________________________________108,59 | L18: чел.час
D19: Составлен(а) в базовых ценах 2001г. в редакции 2009г.
A21: № пп | B21: Обоснование | C21: Наименование | D21: Ед. изм. | E21: Кол. | F21: Стоимость единицы, руб. | J21: Общая стоимость, руб. | N21: Т/з осн. раб.на ед. | O21: Т/з осн. раб. Всего | P21: Т/з мех. на ед. | Q21: Т/з мех. Всего
F22: Всего | G22: В том числе | J22: Всего | K22: В том числе
G23: Осн.З/п | H23: Эк.Маш | I23: З/пМех | K23: Осн.З/п | L23: Эк.Маш | M23: З/пМех
A24: 1 | B24: 2 | C24: 3 | D24: 4 | E24: 5 | F24: 6 | G24: 7 | H24: 8 | I24: 9 | J24: 10 | K24: 11 | L24: 12 | M24: 13 | N24: 14 | O24: 15 | P24: 16 | Q24: 17
A25: Раздел 1. Монтажные работы
A26: 1 | B26: ФССЦ-509-1778 | C26: Источник бесперебойного питания СКАТ-1200, без аккумулятора КОЭФ. К ПОЗИЦИИ: Приведение расценок ФЕР к территориальному уровню (Письмо УРЦЦС Ц-297 от 12.04.2011) ОЗП=1,41; ЭМ=1,242; ЗПМ=1,41; МАТ=1,052 | D26: шт. | E26: 1 | F26: 1335.61 | J26: 1336
A27: 2 | B27: ТЕРм10-02-016-06 прим. | C27: Монтаж: резервированный источник питания | D27: 1 шт. | E27: 1 | F27: 256.7 | G27: 157.76 | H27: 33.83 | I27: 6.87 | J27: 257 | K27: 158 | L27: 34 | M27: 7 | N27: 10.1 | O27: 10.1 | P27: 0.44 | Q27: 0.44
A28: 3 | B28: ФССЦ-509-1811 | C28: Батарея аккумуляторная АКБ-12 12В/12 А/ч КОЭФ. К ПОЗИЦИИ: Приведение расценок ФЕР к территориальному уровню (Письмо УРЦЦС Ц-297 от 12.04.2011) ОЗП=1,41; ЭМ=1,242; ЗПМ=1,41; МАТ=1,052 | D28: шт. | E28: 2 | F28: 163.06 | J28: 326
A29: 4 | B29: ФССЦ-503-0438 прим. | C29: Бокс металлический размером 600х300х155 мм КОЭФ. К ПОЗИЦИИ: Приведение расценок ФЕР к территориальному уровню (Письмо УРЦЦС Ц-297 от 12.04.2011) ОЗП=1,41; ЭМ=1,242; ЗПМ=1,41; МАТ=1,052 | D29: шт. | E29: 1 | F29: 871.75 | J29: 872
A30: 5 | B30: ТЕРм08-03-573-04 | C30: Монтаж: шкаф (пульт) управления навесной, высота, ширина и глубина до 600х600х350 мм | D30: 1 шт. | E30: 1 | F30: 99.26 | G30: 33.11 | H30: 62.05 | I30: 4.71 | J30: 99 | K30: 33 | L30: 62 | M30: 5 | N30: 2.37 | O30: 2.37 | P30: 0.29 | Q30: 0.29
A31: 6 | B31: ТСЦ-509-1032 | C31: Кронштейн | D31: компл. | E31: 1 | F31: 186.08 | J31: 186
A32: 7 | B32: ТСЦ-509-0224 прим. | C32: Клемма | D32: уп | E32: 1 | F32: 77.79 | J32: 78
A33: 8 | B33: ТСЦ-509-0245 прим. | C33: Оконечный стопор | D33: комп-кт | E33: 1 | F33: 177.71 | J33: 178
A34: 9 | B34: ТЕРм11-01-001-01 прим. | C34: Монтаж: оконечный стопор | D34: 1 шт. | E34: 1 | F34: 34.2 | G34: 6.41 | H34: 7.18 | I34: 0.81 | J34: 34 | K34: 6 | L34: 7 | M34: 1 | N34: 0.52 | O34: 0.52 | P34: 0.06 | Q34: 0.06
A35: 10 | B35: ТСЦ-509-0210 | C35: Вилка | D35: шт. | E35: 1 | F35: 46.81 | J35: 47
A36: 11 | B36: ТЕРм08-03-545-05 прим. | C36: Монтаж вилки | D36: 1 шт. | E36: 1 | F36: 137.5 | G36: 31.8 | H36: 2.36 | J36: 138 | K36: 32 | L36: 2 | N36: 2.4 | O36: 2.4
A37: 12 | B37: ТСЦ-509-0158 | C37: Плакат по ТБ | D37: 100 шт. | E37: 0.01 | F37: 4296.64 | J37: 43
A38: 13 | B38: ТСЦ-509-0064 | C38: Профиль монтажный (DIN-рейка) | D38: м | E38: 2 | F38: 51.17 | J38: 102
A39: 14 | B39: ТЕРм10-01-039-02 прим. | C39: Монтаж DIN-рейки | D39: 1 м | E39: 2 | F39: 19.2 | G39: 13.09 | H39: 3.08 | I39: 0.62 | J39: 38 | K39: 26 | L39: 6 | M39: 1 | N39: 1.09 | O39: 2.18 | P39: 0.04 | Q39: 0.08
A40: 15 | B40: ТСЦ-509-0587 прим. | C40: Блок (реле Finder; модуль Finder; модуль индикации Finder) | D40: шт. | E40: 30 | J40: 2398
A41: 16 | B41: ТЕРм10-01-039-06 | C41: Реле, ключ, кнопка и др. с подготовкой места установки | D41: 1 шт. | E41: 30 | F41: 24.5 | G41: 24.02 | J41: 735 | K41: 721 | N41: 2 | O41: 60
A42: 17 | B42: ТСЦ-502-0578 | C42: Провода монтажные с волокнистой или пленочной и поливинилхлоридной изоляцией марки МГШВ экранированные с двумя жилами из медной луженной проволоки сечением 0,50 мм | D42: 1000 м | E42: 0.03 | F42: 1853.8 | J42: 56
A43: 18 | B43: ТСЦ-501-0625 | C43: Кабели силовые переносные с гибкими медными жилами в резиновой оболочке марки КГ, с числом жил - 3 и сечением 1 мм2 | D43: 1000 м | E43: 0.001 | F43: 5800 | J43: 6
A44: 19 | B44: ТЕРм11-06-002-01 | C44: Электрические проводки в щитах и пультах шкафных и панельных | D44: 100 м | E44: 0.31 | F44: 164.55 | G44: 144.8 | J44: 51 | K44: 45 | N44: 9.27 | O44: 2.87
A45: Итого прямые затраты по смете в ценах 2001г. | J45: 6980 | K45: 1021 | L45: 111 | M45: 14 | O45: 80.44 | Q45: 0.87
A46: Итого прямые затраты по смете с учетом коэффициентов к итогам | J46: 7435 | K46: 1438 | L46: 149 | M46: 19 | O46: 108.59 | Q46: 1.17
A47: В том числе, справочно:
A48: Районный к-т 4,3% (Поз. 2, 9, 14, 16-19, 5-8, 10-13) | J48: 44 | K48: 44 | L48: 1 | M48: 1
A49: 2. Производство монтажных работ в сущ.зданиях в стесн. условиях с наличием в зоне производства работ действующего тех. оборудования ОЗП=1,35; ЭМ=1,35; ЗПМ=1,35; ТЗ=1,35; ТЗМ=1,35 (Поз. 2, 9, 14, 16-19, 5-8, 10-13) | J49: 411 | K49: 373 | L49: 39 | M49: 5 | O49: 28.154 | Q49: 0.3045
A50: Накладные расходы | J50: 1180
A51: В том числе, справочно:
A52: 80% ФОТ (от 1358) (Поз. 2, 9, 14, 16-19) | J52: 1086
A53: 95% ФОТ (от 99) (Поз. 5-8, 10-13) | J53: 94
A54: Сметная прибыль | J54: 879
A55: В том числе, справочно:
A56: 60% ФОТ (от 1358) (Поз. 2, 9, 14, 16-19) | J56: 815
A57: 65% ФОТ (от 99) (Поз. 5-8, 10-13) | J57: 64
A58: Итоги по смете:
A59: Итого Монтажные работы | J59: 7096 | O59: 108.59 | Q59: 1.17
A60: Итого Оборудование | J60: 2398
A61: Итого | J61: =SUM(J59:J60) -> 9494 | O61: 108.59 | Q61: 1.17
A62: Справочно, в ценах 2001г.:
A63: Материалы | J63: 3450
A64: Машины и механизмы | J64: =149-M46 -> 130
A65: ФОТ | J65: 1457
A66: Оборудование | J66: 2398
A67: Накладные расходы | J67: 1180
A68: Сметная прибыль | J68: 879
A69: ВСЕГО по смете | J69: =SUM(J63:J68) -> 9494 | O69: 108.59 | Q69: 1.17

Sheet 24671
A1: СОГЛАСОВАНО: | E1: ФГУП "Комбинат "Электрохимприбор" | M1: УТВЕРЖДАЮ:
G2: (наименование стройки) | M2: Зам. генерального директора
M3: Е.В.Гордеев
A4: _________________ | M4: _________________
A5: " _____ " ________________ 2012 г. | M5: "______ " __________2012 г.
G6: ЛОКАЛЬНЫЙ СМЕТНЫЙ РАСЧЕТ № 24671
G7: (локальная смета)
C9: на | D9: монтаж автоматической установки пожарной сигнализации и СОУЭ. Отключение вентсистем
E10: Площадка 1. Здание 301 инв. №5731020
H11: (наименование работ и затрат, наименование объекта)
D13: Основание: проект № 24447-12-ПТ Тема КПМ Т6267.121Н | N13: Справочно, в тыс.руб. :
D14: Сметная стоимость _______________________________________________________________________________________________ | J14: ___________________________193,899 | L14: тыс. руб. | N14: ВСЕГО: | P14: =P15+P16+P17 -> 983.55208
D15: монтажных работ _______________________________________________________________________________________________ | J15: _______________________________________________________________________________________________94,058 | L15: тыс. руб. | N15: с К=5,56 | P15: =94.058*5.56 -> 522.96248
D16: прочих (ПНР "в холостую") _______________________________________________________________________________________________ | J16: _______________________________________________________________________________________________8,237 | L16: тыс. руб. | N16: с К=9,32 | P16: =8.237*9.32 -> 76.76884
D17: оборудования _______________________________________________________________________________________________ | J17: _______________________________________________________________________________________________91,604 | L17: тыс. руб. | N17: с К=4,19 | P17: =91.604*4.19 -> 383.82076
D18: Средства на оплату труда _______________________________________________________________________________________________ | J18: ___________________________22,507 | L18: тыс. руб. | N18: с К=5,56 | P18: =22.507*5.56 -> 125.13892
D19: Сметная трудоемкость _______________________________________________________________________________________________ | J19: _______________________________________________________________________________________________1483,93 | L19: чел.час
D20: Материалы ______________________________________ | K20: =K128/1000 -> 44.184 | L20: тыс.руб. | N20: с К=5,56 | P20: =K20*5.56 -> 245.66304
D21: Составлен(а) в базовых ценах 2001г. в редакции 2009г.
A23: № пп | B23: Обоснова-ние | C23: Наименование | D23: Ед. изм. | E23: Кол. | F23: Стоимость единицы, руб. | J23: Общая стоимость, руб. | O23: Т/з осн. раб.на ед. | P23: Т/з осн. раб. Всего | Q23: Общая масса обору-дования, т
F24: Всего | G24: В том числе | J24: Обору-дование | K24: Всего | L24: В том числе
G25: Осн.З/п | H25: Эк.Маш | I25: З/пМех | L25: Осн.З/п | M25: Эк.Маш | N25: З/пМех
A26: 1 | B26: 2 | C26: 3 | D26: 4 | E26: 5 | F26: 6 | G26: 7 | H26: 8 | I26: 9 | J26: 10 | K26: 11 | L26: 12 | M26: 13 | N26: 14 | O26: 15 | P26: 16 | Q26: 17
A27: Раздел 1. Монтажные работы
A28: 1 | B28: Цена поставщика | C28: ППКОПУ 03041-4-1 "Юнитроник-496" (Ц:14240руб :1,18:4,19) | D28: шт | E28: 1 | J28: 2880 | K28: 2880
A29: 2 | B29: ТЕРм10-08-001-01 | C29: Приборы ПС приемно-контрольные, пусковые, концентратор блок базовый на 10 лучей "Юнитроник-496" | D29: 1 шт. | E29: 1 | F29: 117.52 | G29: 102.02 | H29: 0.46 | K29: 118 | L29: 102 | O29: 7.2 | P29: 7.2
A30: 3 | B30: Цена поставщика | C30: Источник питания СКАТ2400И7 (Ц:4752руб:1,18:4,19) | D30: 1 шт. | E30: 1 | J30: 961 | K30: 961
A31: 4 | B31: ТЕРм10-02-016-06 | C31: Монтаж: преобразователь или блок питания | D31: 1 шт. | E31: 1 | F31: 256.7 | G31: 157.76 | H31: 33.83 | I31: 6.87 | K31: 257 | L31: 158 | M31: 34 | N31: 7 | O31: 10.1 | P31: 10.1
A32: 5 | B32: Цена поставщика | C32: АКБ 12в 4,5 А/ч (Ц:429,77руб:1,18:5.56) | D32: шт | E32: 1 | F32: 65.51 | K32: 66
A33: 6 | B33: Цена поставщика | C33: Метка пожарная адресная МА-7ТСН (Ц:590руб :1,18:4,19) | D33: шт | E33: 19 | J33: 2267 | K33: 2267
A34: 7 | B34: Цена поставщика | C34: Метка адресная управляющая "МА-4У" (Ц:3520руб :1,18:4,19) | D34: шт | E34: 3 | J34: 698 | K34: 698
A35: 8 | B35: Цена поставщика | C35: Метка адресная управляющая "МА-У" (Ц:1750руб :1,18:4,19) | D35: шт | E35: 11 | J35: 2559 | K35: 2559
A36: 9 | B36: Цена поставщика | C36: Метка адресная управляющая "МА-УОП" (Ц:1150руб :1,18:4,19) | D36: шт | E36: 2 | J36: 465 | K36: 465
A37: 10 | B37: ТЕРм10-08-003-05 прим. | C37: Монтаж: метка адресная "Юнитроник" "МА-УОП"; "МА-4У"; "МА-У"; "МА-7ТСН" | D37: 1 шт. | E37: 31 | F37: 86.32 | G37: 78.05 | H37: 0.37 | K37: 2676 | L37: 2420 | M37: 11 | O37: 5.76 | P37: 178.56
A38: 11 | B38: Цена поставщика | C38: Дымовой извещатель "ИП-212-92" (Ц:595руб :1,18:5,56) | D38: шт | E38: 59 | F38: 90.69 | K38: 5351
A39: 12 | B39: ТЕРм10-08-002-02 | C39: Извещатель ПС автоматический дымовой, фотоэлектрический, радиоизотопный, световой в нормальном исполнении | D39: 1 шт. | E39: 54 | F39: 28.38 | G39: 22.76 | H39: 0.46 | K39: 1533 | L39: 1229 | M39: 25 | O39: 1.68 | P39: 90.72
A40: 13 | B40: Цена поставщика | C40: Извещатель пламени т.Пульсар 3-015 НК (Ц:16697руб :1,18:4,19) | D40: шт | E40: 23 | J40: 77673 | K40: 77673
A41: 14 | B41: ТЕРм10-08-003-07 | C41: Монтаж извещателей пламени "Пульсар 3-015" | D41: 1 компл. | E41: 21 | F41: 104.48 | G41: 87.8 | H41: 1 | K41: 2194 | L41: 1844 | M41: 21 | O41: 6.48 | P41: 136.08
A42: 15 | B42: Цена поставщика | C42: Кабель оптоволоконный в металлорукаве для извещателя пламени пожарный "Пульсар 3-015 (Ц:944руб :1,18:5,56) | D42: м | E42: 70 | F42: 143.88 | K42: 10072
A43: 16 | B43: Цена поставщика | C43: Муфта герметизирующая для извещателя пламени (Ц:900руб :1,18:5,56) | D43: шт | E43: 21 | F43: 137.18 | K43: 2881
A44: 17 | B44: ТЕРм10-01-055-02 | C44: Прокладка оптоволоконного кабеля в металлорукаве для "ПУЛЬСАР 3-015" | D44: 100 м кабеля | E44: 0.7 | F44: 1837.57 | G44: 474.14 | H44: 129.78 | I44: 23.9 | K44: 1286 | L44: 332 | M44: 91 | N44: 17 | O44: 37.1 | P44: 25.97
A45: 18 | B45: Цена поставщика | C45: Крепежно-юстировочное устройство к извещателю Спектрон К-03 (Ц:100руб:1,18:5.56) | D45: шт | E45: 21 | F45: 15.24 | K45: 320
A46: 19 | B46: ТЕРм10-08-002-06 | C46: Конструкция для установки извещателя: крепежно-юстировочное устройство К-03 | D46: 1 шт. | E46: 21 | F46: 8.84 | G46: 4.74 | H46: 1.08 | K46: 186 | L46: 100 | M46: 23 | O46: 0.35 | P46: 7.35
A47: 20 | B47: Цена поставщика | C47: Извещатель пожарный ручной "ИПР-3СУ" (Ц:171,93руб :1,18:5,56) | D47: шт | E47: 11 | F47: 26.21 | K47: 288
A48: 21 | B48: ТЕРм10-04-066-05 | C48: Монтаж: извещатель пожарный ручной | D48: 1 шт. | E48: 10 | F48: 13.89 | G48: 12.78 | K48: 139 | L48: 128 | O48: 1 | P48: 10
A49: 22 | B49: Цена поставщика | C49: Светоуказатель Выход "Люкс-24" (Ц:165руб :1,18:5,56) | D49: шт | E49: 15 | F49: 25.15 | K49: 377
A50: 23 | B50: ТЕРм10-04-066-06 | C50: Монтаж: оповещатель световой | D50: 1 шт. | E50: 14 | F50: 98.76 | G50: 74.88 | K50: 1383 | L50: 1048 | O50: 6 | P50: 84
A51: 24 | B51: Цена поставщика | C51: Оповещатель звуковой "Маяк-24-3М" (Ц:150руб :1,18:5,56) | D51: шт | E51: 22 | F51: 22.86 | K51: 503
A52: 25 | B52: ТЕРм10-04-066-05 | C52: Монтаж: оповещатель звуковой | D52: 1 шт. | E52: 20 | F52: 13.89 | G52: 12.78 | K52: 278 | L52: 256 | O52: 1 | P52: 20
A53: 26 | B53: Цена поставщика | C53: Оповещатель комбинированный "Маяк-24КП" (Ц:330руб :1,18:5,56) | D53: шт | E53: 1 | F53: 50.3 | K53: 50
A54: 27 | B54: ТЕРм10-04-066-06 | C54: Монтаж: оповещатель комбинированный | D54: 1 шт. | E54: 1 | F54: 98.76 | G54: 74.88 | K54: 99 | L54: 75 | O54: 6 | P54: 6
A55: 28 | B55: Цена поставщика | C55: Размыкатель линии "РЛ-1" (Ц:192руб :1,18:4,19) | D55: шт | E55: 7 | J55: 272 | K55: 272
A56: 29 | B56: ТЕРм10-08-003-05 прим. | C56: Монтаж: размыкатель линии РЛ-1 | D56: 1 шт. | E56: 7 | F56: 86.32 | G56: 78.05 | H56: 0.37 | K56: 604 | L56: 546 | M56: 3 | O56: 5.76 | P56: 40.32
A57: 30 | B57: Цена поставщика | C57: Блок защиты от скачков напряжения "Альбатрос-500" (Ц:528руб:1,18:4,19) | D57: шт | E57: 1 | J57: 107 | K57: 107
A58: 31 | B58: ТЕРм10-08-003-03 | C58: Монтаж: блок защиты от скачков напряжения "АЛЬБАТРОС-500" | D58: 1 шт. | E58: 1 | F58: 59.97 | G58: 51.77 | H58: 0.37 | K58: 60 | L58: 52 | O58: 3.6 | P58: 3.6
A59: 32 | B59: Цена поставщика | C59: АКБ 12в 26 А/ч (Ц:2952,40руб:1,18:5.56) | D59: шт | E59: 2 | F59: 450.01 | K59: 900
A60: 33 | B60: Цена поставщика | C60: Кабель для информационных сетей UT 105нг(А)-FRLS FE180 1х2х0,52мм (Ц:17500руб :1,18:5,56) | D60: 1000м | E60: 0.786 | F60: 2667.36 | K60: 2097
A61: 34 | B61: Цена поставщика | C61: Кабель КПСнг(А)-FRLS 1х2х0,5 (Ц:24301руб :1,18:5,56) | D61: 1000 м | E61: 0.055 | F61: 3703.97 | K61: 204
A62: 35 | B62: Цена поставщика | C62: Кабель КПСнг(А)-FRLS 1х4х0,5 (Ц:45877руб :1,18:5,56) | D62: 1000 м | E62: 0.253 | F62: 6992.59 | K62: 1769
A63: 36 | B63: Цена поставщика | C63: Кабель КПСнг(А)-FRLS 1х2х1,0 (Ц:39620руб :1,18:5,56) | D63: 1000 м | E63: 1.1 | F63: 6038.9 | K63: 6643
A64: 37 | B64: Цена поставщика | C64: Кабель КПСнг(А)-FRLS 1х2х1,5 (Ц:52921руб :1,18:5,56) | D64: 1000 м | E64: 0.094 | F64: 8066.24 | K64: 758
A65: 38 | B65: ТСЦ-501-8190 | C65: Кабель силовой с медными жилами с поливинилхлоридной изоляцией в поливинилхлоридной оболочке без защитного покрова ВВГ, напряжением 0,66 Кв, число жил 3 и сечением 1,5 мм2 | D65: 1000 м | E65: 0.013 | F65: 6962.8 | K65: 91
A66: 39 | B66: ТЕРм08-02-399-01 | C66: Провод (кабель) в коробах, сечением до 6 мм2 | D66: 100 м | E66: 18 | F66: 189.23 | G66: 46.64 | H66: 56.09 | I66: 24.55 | K66: 3406 | L66: 840 | M66: 1010 | N66: 442 | O66: 3.52 | P66: 63.36
A67: 40 | B67: ТЕРм08-02-402-01 | C67: Кабель двух-четырехжильный по установленным конструкциям и лоткам с установкой ответвительных коробок в помещениях с нормальной средой сечением жилы до 10 мм2 | D67: 100 м | E67: 2.92 | F67: 1131.61 | G67: 202.73 | H67: 704.04 | I67: 87.33 | K67: 3304 | L67: 592 | M67: 2056 | N67: 255 | O67: 15.3 | P67: 44.68
A68: 41 | B68: Цена поставщика | C68: Коробка распределительная DKC 150х110x70 IP55 54000 (Ц:151руб:1,18:5,56) | D68: шт | E68: 22 | F68: 23.02 | K68: 506
A69: 42 | B69: ТСЦ-509-0584 | C69: Резисторы, диоды | D69: шт. | E69: 80 | F69: 1.19 | K69: 95
A70: 43 | B70: ТЕРм11-03-001-01 | C70: Монтаж: резисторы, диоды | D70: 1 шт. | E70: 80 | F70: 8.41 | G70: 7.26 | K70: 673 | L70: 581 | O70: 0.52 | P70: 41.6
A71: 44 | B71: ТЕРм10-06-037-05 | C71: Шкаф настенный для приборов, размер 800х600х250мм | D71: 1 шт. | E71: 1 | F71: 121.87 | G71: 26.33 | H71: 2.39 | K71: 122 | L71: 26 | M71: 2 | O71: 2.06 | P71: 2.06
A72: 45 | B72: Цена поставщика | C72: Шкаф автоматики со стеклянной дверцей 800х600х250 SR 8625V (Ц:9262,94руб :1,18:5,56) | D72: шт | E72: 1 | F72: 1411.86 | K72: 1412
A73: 46 | B73: Цена поставщика | C73: Плата монтажная PF 8060 (Ц:2817,94руб :1,18:5,56) | D73: шт | E73: 1 | F73: 429.51 | K73: 430
A74: 47 | B74: Цена поставщика | C74: Петли для крепления шкафа АА 1206 (Ц:351,13руб :1,18:5,56) | D74: копл-кт | E74: 1 | F74: 53.52 | K74: 54
A75: 48 | B75: Цена поставщика | C75: Комплект стоек длиной 50 мм (12 шт) АА 8050 (Ц:839,23руб :1,18:5,56) | D75: шт | E75: 1 | F75: 127.92 | K75: 128
A76: 49 | B76: ТСЦ-509-0324 прим. | C76: Выключатели автоматические ВА47-29 | D76: шт. | E76: 1 | F76: 27.74 | K76: 28
A77: 50 | B77: ТЕРм08-03-526-01 | C77: Автомат одно-, двух-, трехполюсный, устанавливаемый на конструкции, на ток до 25 А | D77: 1 шт. | E77: 1 | F77: 174.77 | G77: 20.9 | H77: 1.28 | K77: 175 | L77: 21 | M77: 1 | O77: 1.56 | P77: 1.56
A78: 51 | B78: Цена поставщика | C78: Бокс КМПн 1/2 (25,51руб:1,18:5,56) | D78: шт. | E78: 1 | F78: 3.89 | K78: 4
A79: 52 | B79: ТЕРм08-03-573-04 | C79: Шкаф (пульт) управления навесной, высота, ширина и глубина до 600х600х350 мм | D79: 1 шт. | E79: 1 | F79: 99.26 | G79: 33.11 | H79: 62.05 | I79: 4.71 | K79: 99 | L79: 33 | M79: 62 | N79: 5 | O79: 2.37 | P79: 2.37
A80: 53 | B80: ТЕРм10-04-030-04 | C80: Дополнительная установка на пультах и панелях колодки клеммной на 20 клемм | D80: 1 шт. | E80: 20 | F80: 27.06 | G80: 11.51 | K80: 541 | L80: 230 | O80: 1 | P80: 20
A81: 54 | B81: Цена поставщика | C81: Клеммная колодка 43412NY DKC (Цена:47,65руб :1,18:5,56) | D81: шт | E81: 20 | F81: 7.26 | K81: 145
A82: 55 | B82: ФЕРм08-02-390-01 | C82: Короба пластмассовые: шириной до 40 мм КОЭФ. К ПОЗИЦИИ: Приведение расценок ФЕР к территориальному уровню (Письмо УРЦЦС Ц-297 от 12.04.2011) ОЗП=1,41; ЭМ=1,242; ЗПМ=1,41; МАТ=1,052 | D82: 100 м | E82: 8.2 | F82: 311.4 | G82: 218.44 | H82: 38.75 | I82: 0.17 | K82: 2553 | L82: 1791 | M82: 318 | N82: 1 | O82: 16.29 | P82: 133.58
A83: 56 | B83: Цена поставщика | C83: Кабель-канал 40х25 "ЭЛЕКОР" CKK10-040-025-1-K01-018 (Ц:43,43руб:1,18:5,56) | D83: м | E83: 70 | F83: 6.62 | K83: 463
A84: 57 | B84: Цена поставщика | C84: Соединитель на стык КМС 40х25 "ЭЛЕКОР" CKK10D-S-040-025-K01 (Ц:14,91руб:1,18:5,56) | D84: шт | E84: 1 | F84: 2.27 | K84: 2
A85: 58 | B85: Цена поставщика | C85: Поворот 90 гр. КМП 40х25 "ЭЛЕКОР" CKK10D-P-040-025-K01 (Ц:17,70руб:1,18:5,56) | D85: шт | E85: 1 | F85: 2.7 | K85: 3
A86: 59 | B86: Цена поставщика | C86: Т-образный угол КМТ 40х25 "ЭЛЕКОР" CKK10D-T-040-025-K01 (Ц:17,70руб:1,18:5,56) | D86: шт | E86: 1 | F86: 2.7 | K86: 3
A87: 60 | B87: Цена поставщика | C87: Внутренний угол КМВ 40х25 "ЭЛЕКОР" CKK10D-V-040-025-K01 (Ц:17,70руб:1,18:5,56) | D87: шт | E87: 1 | F87: 2.7 | K87: 3
A88: 61 | B88: Цена поставщика | C88: Внешний угол КМН 40х25 "ЭЛЕКОР" CKK10D-N-040-025-K01 (Ц:17,70руб:1,18:5,56) | D88: шт | E88: 1 | F88: 2.7 | K88: 3
A89: 62 | B89: Цена поставщика | C89: Кабель-канал 25х16 "ЭЛЕКОР" CKK10-025-016-1-K01 (Ц:25,40руб:1,18:5.56) | D89: м | E89: 750 | F89: 3.87 | K89: 2903
A90: 63 | B90: Цена поставщика | C90: Внутренний угол КМВ 25х16 "ЭЛЕКОР" CKK10D-V-025-016-K01 (Ц:10,30руб:1,18:5.56) | D90: шт | E90: 1 | F90: 1.57 | K90: 2
A91: 64 | B91: Цена поставщика | C91: Внешний угол КМН 25х16 "ЭЛЕКОР" CKK10D-N-025-016-K01 (Ц:10,30руб:1,18:5.56) | D91: шт | E91: 1 | F91: 1.57 | K91: 2
A92: 65 | B92: Цена поставщика | C92: Соединитель на стык КМС 25х16 "ЭЛЕКОР" CKK10D-S-025-016-K01 (Ц:9,44руб:1,18:5.56) | D92: шт | E92: 1 | F92: 1.44 | K92: 1
A93: 66 | B93: Цена поставщика | C93: Т-образный угол КМТ 25х16 "ЭЛЕКОР" CKK10D-T-025-016-K01 (Ц:10,30руб:1,18:5,56) | D93: шт | E93: 1 | F93: 1.57 | K93: 2
A94: Раздел 2. Пусконаладочные работы (в холостую 80%)
A95: Пусконаладочные работы пожарной сигнализации и СОУЭ
A96: 67 | B96: ТЕРп01-10-001-01 | C96: Сбор и реализация сигналов информации устройств защиты, автоматики электрических и технологических режимов КОЭФ. К ПОЗИЦИИ: 0.10 При выполнении пусконаладочных работ на высоте от 2 до 8м ОЗП=1,1; ТЗ=1,1 | D96: 1 сигнал | E96: 120 | F96: 27.19 | G96: 27.19 | K96: 3263 | L96: 3263 | O96: 1.65 | P96: 198
A97: 68 | B97: ТЕРп01-10-010-01 | C97: Схема контроля изоляции электрической сети с помощью электроизмерительных приборов | D97: 1 схема | E97: 2 | F97: 95.38 | G97: 95.38 | K97: 191 | L97: 191 | O97: 6 | P97: 12
A98: 69 | B98: ТЕРп02-01-002-01 | C98: Автоматизированная система управления II категории технической сложности с количеством каналов (Кобщ) 2 | D98: 1 система | E98: 1 | F98: 366.98 | G98: 366.98 | K98: 367 | L98: 367 | O98: 17.6 | P98: 17.6
A99: Пусконаладочные работы автоматического отключения вентиляции при пожаре
A100: 70 | B100: ТЕРп01-09-010-04 | C100: Функциональная группа управления релейно-контакторная с общим числом внешних блокировочных связей до 20 | D100: 1 шт. | E100: 1 | F100: 367.07 | G100: 367.07 | K100: 367 | L100: 367 | O100: 22 | P100: 22
A101: Итого прямые затраты по смете в ценах 2001г. | K101: 152315 | L101: 16592 | M101: 3657 | N101: 727 | P101: 1178.71
A102: Итого прямые затраты по смете с учетом коэффициентов к итогам | K102: 162250 | L102: 21483 | M102: 4979 | N102: 1024 | P102: 1483.93
A103: В том числе, справочно:
...

Sheet 24780
A1: СОГЛАСОВАНО: | E1: ФГУП "Комбинат "Электрохимприбор" | M1: УТВЕРЖДАЮ:
G2: (наименование стройки) | M2: Зам. генерального директора
M3: Е.В.Гордеев
A4: _________________ | M4: _________________
A5: " _____ " ________________ 2013 г. | M5: "______ " __________2013 г.
G6: ЛОКАЛЬНЫЙ СМЕТНЫЙ РАСЧЕТ № 24780
G7: (локальная смета)
C9: на | D9: монтаж автоматической установки пожарной сигнализации и СОУЭ. Отключение вентиляции
E10: Площадка 1. Цех 005. Здание 141. Инв.№ 5700278
H11: (наименование работ и затрат, наименование объекта)
D13: Основание: проект № 24530-13-ПС Тема КПМ Т6177.005 | N13: Справочно, в тыс.руб. :
D14: Сметная стоимость _______________________________________________________________________________________________ | J14: ___________________________47,797 | L14: тыс. руб. | N14: ВСЕГО: | P14: =P15+P16+P17 -> 275.07786
D15: монтажных работ _______________________________________________________________________________________________ | J15: _______________________________________________________________________________________________37,979 | L15: тыс. руб. | N15: с К=5,56 | P15: =5.56*37.979 -> 211.16324
D16: прочих (ПНР "в холостую") _______________________________________________________________________________________________ | J16: _______________________________________________________________________________________________4,440 | L16: тыс. руб. | N16: с К=9,32 | P16: =9.32*4.44 -> 41.3808
D17: оборудования _______________________________________________________________________________________________ | J17: _______________________________________________________________________________________________5,378 | L17: тыс. руб. | N17: с К=4,19 | P17: =4.19*5.378 -> 22.53382
D18: Средства на оплату труда _______________________________________________________________________________________________ | J18: ___________________________10,461 | L18: тыс. руб. | N18: с К=5,56 | P18: =5.56*10.461 -> 58.16316
D19: Сметная трудоемкость _______________________________________________________________________________________________ | J19: _______________________________________________________________________________________________709,72 | L19: чел.час
D20: Материалы ______________________________________ | K20: =K113/1000 -> 16.291 | L20: тыс.руб. | N20: с К=5,56 | P20: =K20*5.56 -> 90.57796
D21: Составлен(а) в базовых ценах 2001г. в редакции 2009г.
A23: № пп | B23: Обоснова-ние | C23: Наименование | D23: Ед. изм. | E23: Кол. | F23: Стоимость единицы, руб. | J23: Общая стоимость, руб. | O23: Т/з осн. раб.на ед. | P23: Т/з осн. раб. Всего | Q23: Общая масса обору-дования, т
F24: Всего | G24: В том числе | J24: Обору-дование | K24: Всего | L24: В том числе
G25: Осн.З/п | H25: Эк.Маш | I25: З/пМех | L25: Осн.З/п | M25: Эк.Маш | N25: З/пМех
A26: 1 | B26: 2 | C26: 3 | D26: 4 | E26: 5 | F26: 6 | G26: 7 | H26: 8 | I26: 9 | J26: 10 | K26: 11 | L26: 12 | M26: 13 | N26: 14 | O26: 15 | P26: 16 | Q26: 17
A27: Раздел 1. Монтажные работы
A28: 1 | B28: Цена поставщика | C28: ППКОПУ 03041-4-1 "Юнитроник-496" (Ц:14240руб :1,18:4,19) | D28: шт | E28: 1 | J28: 2880 | K28: 2880
A29: 2 | B29: ТЕРм10-08-001-01 | C29: Приборы ПС приемно-контрольные, пусковые, концентратор блок базовый на 10 лучей "Юнитроник-496" | D29: 1 шт. | E29: 1 | F29: 117.52 | G29: 102.02 | H29: 0.46 | K29: 118 | L29: 102 | O29: 7.2 | P29: 7.2
A30: 3 | B30: Цена поставщика | C30: АКБ 12в 7,0 А/ч (Ц:399руб :1,18:5,56) | D30: шт. | E30: 1 | F30: 60.82 | K30: 61
A31: 4 | B31: Цена поставщика | C31: Источник питания СКАТ2400М (Ц:3175руб:1,18:4,19) | D31: 1 шт. | E31: 1 | J31: 642 | K31: 642
A32: 5 | B32: ТЕРм10-02-016-06 | C32: Монтаж: преобразователь или блок питания | D32: 1 шт. | E32: 1 | F32: 256.7 | G32: 157.76 | H32: 33.83 | I32: 6.87 | K32: 257 | L32: 158 | M32: 34 | N32: 7 | O32: 10.1 | P32: 10.1
A33: 6 | B33: Цена поставщика | C33: Метка пожарная адресная МА-7ТСН (Ц:590руб :1,18:4,19) | D33: шт | E33: 6 | J33: 716 | K33: 716
A34: 7 | B34: Цена поставщика | C34: Метка адресная управляющая "МА-4У" (Ц:3520руб :1,18:4,19) | D34: шт | E34: 2 | J34: 465 | K34: 465
A35: 8 | B35: Цена поставщика | C35: Метка адресная управляющая "МА-УОП" (Ц:1150руб :1,18:4,19) | D35: шт | E35: 1 | J35: 233 | K35: 233
A36: 9 | B36: ТЕРм10-08-003-05 прим. | C36: Монтаж: метка адресная "Юнитроник" | D36: 1 шт. | E36: 7 | F36: 86.32 | G36: 78.05 | H36: 0.37 | K36: 604 | L36: 546 | M36: 3 | O36: 5.76 | P36: 40.32
A37: 10 | B37: Цена поставщика | C37: Дымовой извещатель "ИП-212-92" (Ц:595руб :1,18:5,56) | D37: шт | E37: 21 | F37: 90.69 | K37: 1904
A38: 11 | B38: ТЕРм10-08-002-02 | C38: Извещатель ПС автоматический дымовой, фотоэлектрический, радиоизотопный, световой в нормальном исполнении | D38: 1 шт. | E38: 19 | F38: 28.38 | G38: 22.76 | H38: 0.46 | K38: 539 | L38: 432 | M38: 9 | O38: 1.68 | P38: 31.92
A39: 12 | B39: Цена поставщика | C39: Извещатель пожарный ручной "ИПР-3СУ" (Ц:171,93руб :1,18:5,56) | D39: шт | E39: 6 | F39: 26.21 | K39: 157
A40: 13 | B40: ТЕРм10-04-066-05 | C40: Монтаж: извещатель пожарный ручной | D40: 1 шт. | E40: 5 | F40: 13.89 | G40: 12.78 | K40: 69 | L40: 64 | O40: 1 | P40: 5
A41: 14 | B41: Цена поставщика | C41: Светоуказатель Выход "Люкс-24" (Ц:165руб :1,18:5,56) | D41: шт | E41: 10 | F41: 25.15 | K41: 252
A42: 15 | B42: ТЕРм10-04-066-06 | C42: Монтаж: оповещатель световой | D42: 1 шт. | E42: 9 | F42: 98.76 | G42: 74.88 | K42: 889 | L42: 674 | O42: 6 | P42: 54
A43: 16 | B43: Цена поставщика | C43: Оповещатель звуковой "Антишок" (Ц:520,20руб :1,18:5,56) | D43: шт | E43: 9 | F43: 79.26 | K43: 713
A44: 17 | B44: Цена поставщика | C44: Оповещатель "Маяк-24-3М" (Ц:293,64руб :1,18:5,56) | D44: шт | E44: 9 | F44: 44.76 | K44: 403
A45: 18 | B45: ТЕРм10-04-066-05 | C45: Монтаж: оповещатель звуковой | D45: 1 шт. | E45: 16 | F45: 13.89 | G45: 12.78 | K45: 222 | L45: 204 | O45: 1 | P45: 16
A46: 19 | B46: Цена поставщика | C46: Размыкатель линии "РЛ-1" (Ц:192руб :1,18:4,19) | D46: шт | E46: 3 | J46: 116 | K46: 116
A47: 20 | B47: ТЕРм10-08-003-05 прим. | C47: Монтаж: размыкатель линии РЛ-1 | D47: 1 шт. | E47: 3 | F47: 86.32 | G47: 78.05 | H47: 0.37 | K47: 259 | L47: 234 | M47: 1 | O47: 5.76 | P47: 17.28
A48: 21 | B48: Цена поставщика | C48: Блок защиты от скачков напряжения "Альбатрос-500" (Ц:528руб:1,18:4,19) | D48: шт | E48: 1 | J48: 107 | K48: 107
A49: 22 | B49: ТЕРм10-08-003-03 | C49: Монтаж: блок защиты от скачков напряжения "АЛЬБАТРОС-500" | D49: 1 шт. | E49: 1 | F49: 59.97 | G49: 51.77 | H49: 0.37 | K49: 60 | L49: 52 | O49: 3.6 | P49: 3.6
A50: 23 | B50: ТСЦ-509-0584 | C50: Резисторы, диоды | D50: шт. | E50: 35 | F50: 1.19 | K50: 42
A51: 24 | B51: ТЕРм11-03-001-01 | C51: Монтаж: резисторы, диоды | D51: 1 шт. | E51: 31 | F51: 8.41 | G51: 7.26 | K51: 261 | L51: 225 | O51: 0.52 | P51: 16.12
A52: 25 | B52: ТЕРм08-02-401-01 | C52: Кабель двух-четырехжильный сечением жилы до 16 мм2 с креплением накладными скобами, полосками с установкой ответвительных коробок | D52: 100 м | E52: 0.2 | F52: 4032.86 | G52: 683.7 | H52: 957.86 | I52: 390.47 | K52: 807 | L52: 137 | M52: 192 | N52: 78 | O52: 51.6 | P52: 10.32
A53: 26 | B53: ТСЦ-501-8190 | C53: Кабель силовой с медными жилами с поливинилхлоридной изоляцией в поливинилхлоридной оболочке без защитного покрова ВВГ, напряжением 0,66 Кв, число жил 3 и сечением 1,5 мм2 | D53: 1000 м | E53: 0.22 | F53: 6962.8 | K53: 1532
A54: 27 | B54: Цена поставщика | C54: Кабель для информационных сетей UT 105нг(А)-FRLS FE180 1х2х0,5мм (Ц:17500руб :1,18:5,56) | D54: 1000м | E54: 0.275 | F54: 2667.36 | K54: 734
A55: 28 | B55: Цена поставщика | C55: Кабель КПСнг(А)-FRLS 1х2х0,5 (Ц:30018руб :1,18:5,56) | D55: 1000 м | E55: 0.055 | F55: 4575.36 | K55: 252
A56: 29 | B56: Цена поставщика | C56: Кабель КПСнг(А)-FRLS 1х2х1,0 (Ц:48942руб :1,18:5,56) | D56: 1000 м | E56: 0.506 | F56: 7459.76 | K56: 3775
A57: 30 | B57: Цена поставщика | C57: Кабель КПСнг(А)-FRLS 1х2х1,5 (Ц:65373руб :1,18:5,56) | D57: 1000 м | E57: 0.022 | F57: 9964.18 | K57: 219
A58: 31 | B58: ТЕРм08-02-399-01 | C58: Провод (кабель) в коробах, сечением до 6 мм2 | D58: 100 м | E58: 7.8 | F58: 189.23 | G58: 46.64 | H58: 56.09 | I58: 24.55 | K58: 1476 | L58: 364 | M58: 438 | N58: 191 | O58: 3.52 | P58: 27.46
A59: 32 | B59: ФЕРм08-02-390-01 | C59: Короба пластмассовые: шириной до 40 мм КОЭФ. К ПОЗИЦИИ: Приведение расценок ФЕР к территориальному уровню (Письмо УРЦЦС Ц-297 от 12.04.2011) ОЗП=1,41; ЭМ=1,242; ЗПМ=1,41; МАТ=1,052 | D59: 100 м | E59: 3.4 | F59: 311.4 | G59: 218.44 | H59: 38.75 | I59: 0.17 | K59: 1059 | L59: 743 | M59: 132 | N59: 1 | O59: 16.29 | P59: 55.39
A60: 33 | B60: ФССЦ-509-1834 | C60: Кабель-канал (короб) "Электропласт" 40x25 мм КОЭФ. К ПОЗИЦИИ: Приведение расценок ФЕР к территориальному уровню (Письмо УРЦЦС Ц-297 от 12.04.2011) ОЗП=1,41; ЭМ=1,242; ЗПМ=1,41; МАТ=1,052 | D60: м | E60: 20 | F60: 3.47 | K60: 69
A61: 34 | B61: ФССЦ-509-1831 | C61: Кабель-канал (короб) "Электропласт" 25x16 мм КОЭФ. К ПОЗИЦИИ: Приведение расценок ФЕР к территориальному уровню (Письмо УРЦЦС Ц-297 от 12.04.2011) ОЗП=1,41; ЭМ=1,242; ЗПМ=1,41; МАТ=1,052 | D61: м | E61: 320 | F61: 1.8 | K61: 576
A62: 35 | B62: ТЕРм10-04-066-04 | C62: Монтаж: коробка ответвительная с кабельными вводами DKC | D62: 1 шт. | E62: 3 | F62: 58.16 | G62: 48.04 | K62: 174 | L62: 144 | O62: 4 | P62: 12
A63: 36 | B63: ТСЦ-503-0461 | C63: Разветвительная коробка | D63: шт. | E63: 3 | F63: 20.82 | K63: 62
A64: 37 | B64: ТЕРм10-04-030-04 | C64: Дополнительная установка на пультах и панелях колодки клеммной на 20 клемм | D64: 1 шт. | E64: 25 | F64: 27.06 | G64: 11.51 | K64: 677 | L64: 288 | O64: 1 | P64: 25
A65: 38 | B65: ТСЦ-509-0100 прим. | C65: Клеммная колодка | D65: шт. | E65: 25 | F65: 4.52 | K65: 113
A66: 39 | B66: ТСЦ-509-0323 | C66: Выключатели автоматические ВА47-29 | D66: шт. | E66: 1 | F66: 33.29 | K66: 33
A67: 40 | B67: ТЕРм08-03-526-01 | C67: Автомат одно-, двух-, трехполюсный, устанавливаемый на конструкции, на ток до 25 А | D67: 1 шт. | E67: 1 | F67: 174.77 | G67: 20.9 | H67: 1.28 | K67: 175 | L67: 21 | M67: 1 | O67: 1.56 | P67: 1.56
A68: 41 | B68: Цена поставщика | C68: Бокс КМПн 1/2 для 1-2-х авт.выкл. наружн. уст. ИЭК MKP31-N-02-30-252 (Ц:25,51руб :1,18:5,56) | D68: шт | E68: 1 | F68: 3.89 | K68: 4
A69: 42 | B69: ТЕРм10-06-037-09 | C69: Ящик для трубных проводок протяжной или коробка, размер до 500х500 мм | D69: 1 шт. | E69: 1 | F69: 32.23 | G69: 26.18 | H69: 1.91 | K69: 32 | L69: 26 | M69: 2 | O69: 2.18 | P69: 2.18
A70: 43 | B70: Цена поставщика | C70: Шкаф автоматики со стеклянной дверцей 700х500х250 SR 7525V (Ц:7093,40руб :1,18:5,56) | D70: шт | E70: 1 | F70: 1081.18 | K70: 1081
A71: 44 | B71: Цена поставщика | C71: Панель модульная PF 7050 (Ц:2180,56руб :1,18:5,56) | D71: шт | E71: 1 | F71: 332.36 | K71: 332
A72: 45 | B72: Цена поставщика | C72: Петли для крепления шкафа АА 1206 (Ц:351,13руб :1,18:5,56) | D72: копл-кт | E72: 1 | F72: 53.52 | K72: 54
A73: 46 | B73: Цена поставщика | C73: Комплект стоек длиной 50 мм (12 шт) АА 8050 (Ц:839,23руб :1,18:5,56) | D73: шт | E73: 1 | F73: 127.92 | K73: 128
A74: 47 | B74: ТЕРм10-04-066-04 | C74: Коробка кабельная соединительная или разветвительная | D74: 1 шт. | E74: 25 | F74: 58.16 | G74: 48.04 | K74: 1454 | L74: 1201 | O74: 4 | P74: 100
A75: 48 | B75: ТСЦ-503-0461 | C75: Разветвительная коробка | D75: шт. | E75: 28 | F75: 20.82 | K75: 583
A76: 49 | B76: Цена поставщика | C76: АКБ 12в 4,5 А/ч (Ц:429,77руб:1,18:5.56) | D76: шт | E76: 2 | F76: 65.51 | K76: 131
A77: 50 | B77: Цена поставщика | C77: АКБ 12в 7,0 А/ч (Ц:551,65руб:1,18:5.56) | D77: шт | E77: 2 | F77: 84.08 | K77: 168
A78: Раздел 2. Пусконаладочные работы (в холостую 80%)
A79: Пусконаладочные работы пожарной сигнализации и СОУЭ
A80: 51 | B80: ТЕРп01-10-001-01 | C80: Сбор и реализация сигналов информации устройств защиты, автоматики электрических и технологических режимов КОЭФ. К ПОЗИЦИИ: 0.10 При выполнении пусконаладочных работ на высоте от 2 до 8м ОЗП=1,1; ТЗ=1,1 | D80: 1 сигнал | E80: 49 | F80: 27.19 | G80: 27.19 | K80: 1332 | L80: 1332 | O80: 1.65 | P80: 80.85
A81: 52 | B81: ТЕРп01-10-010-01 | C81: Схема контроля изоляции электрической сети с помощью электроизмерительных приборов | D81: 1 схема | E81: 2 | F81: 95.38 | G81: 95.38 | K81: 191 | L81: 191 | O81: 6 | P81: 12
A82: 53 | B82: ТЕРп02-01-002-01 | C82: Автоматизированная система управления II категории технической сложности с количеством каналов (Кобщ) 2 | D82: 1 система | E82: 1 | F82: 366.98 | G82: 366.98 | K82: 367 | L82: 367 | O82: 17.6 | P82: 17.6
A83: Пусконаладочные работы автоматического отключения вентиляции при пожаре
A84: 54 | B84: ТЕРп01-09-010-04 | C84: Функциональная группа управления релейно-контакторная с общим числом внешних блокировочных связей до 20 | D84: 1 шт. | E84: 1 | F84: 367.07 | G84: 367.07 | K84: 367 | L84: 367 | O84: 22 | P84: 22
A85: Итого прямые затраты по смете в ценах 2001г. | K85: 29926 | L85: 7872 | M85: 812 | N85: 277 | P85: 567.9
A86: Итого прямые затраты по смете с учетом коэффициентов к итогам | K86: 32852 | L86: 10071 | M86: 1112 | N86: 390 | P86: 709.72
A87: В том числе, справочно:
A88: Районный к-т 4,3% (Поз. 2, 5, 9, 11, 20, 22, 24, 13, 15, 18, 35, 37, 47, 25, 31-32, 40, 42, 51-54) | K88: 350 | L88: 338 | M88: 12 | N88: 12
A89: Заготовительно-складские расходы на материалы - согласно п.4.64 из МДС 81-35.2004 МАТ=1,02 (Поз. 3, 10, 14, 27-30, 43, 12, 16-17, 41, 44-46, 49-50) | K89: 208
A90: Транспортные расходы на оборудование - согласно п.4.60 из МДС 81-35.2004 ПЗ=1,03 (ОЗП=1,03; ЭМ=1,03; МАТ=1,03) (Поз. 1, 6-8, 19, 21, 4) | K90: 155
A91: Заготовительно-складские расходы на оборудование - согласно п.4.64 из МДС 81-35.2004 ПЗ=1,012 (ОЗП=1,012; ЭМ=1,012; МАТ=1,012) (Поз. 1, 6-8, 19, 21, 4) | K91: 64
A92: 2. Производство монтажных работ в существующих зданиях и сооружениях в стесненных условиях ОЗП=1,35; ЭМ=1,35; ЗПМ=1,35; ТЗ=1,35; ТЗМ=1,35 (Поз. 2, 5, 9, 11, 20, 22, 24, 13, 15, 18, 35, 37, 47, 25, 31-32, 40, 42) | K92: 2337 | L92: 2050 | M92: 288 | N92: 101 | P92: 152.4075
A93: 3. ПНР на действующих предприятиях в зданиях при наличии в зоне производства работ загромождающих помещения предметов ОЗП=1,15; ТЗ=1,15 (Поз. 51-54) | K93: 353 | L93: 353 | P93: 19.8675
A94: Пусконаладочные работы (в холостую 80%) ПЗ=0,8 (ОЗП=0,8; ЭМ=0,8; ЗПМ=0,8; МАТ=0,8; ТЗ=0,8; ТЗМ=0,8) (Поз. 51-54) | K94: -541 | L94: -541 | P94: -30.464
A95: Накладные расходы | K95: 8811
A96: В том числе, справочно:
A97: 65% ФОТ (от 2166) (Поз. 51-54) | K97: 1408
A98: 80% ФОТ (от 2471) (Поз. 2, 5, 9, 11, 20, 22, 24) | K98: 1977
A99: 92% ФОТ (от 3626) (Поз. 13, 15, 18, 35, 37, 47) | K99: 3336
A100: 95% ФОТ (от 2162) (Поз. 25, 31-32, 40) | K100: 2054
A101: 100% ФОТ (от 36) (Поз. 42) | K101: 36
A102: Сметная прибыль | K102: 6134
A103: В том числе, справочно:
...

Sheet 24798
A1: СОГЛАСОВАНО: | E1: ФГУП "Комбинат "Электрохимприбор" | M1: УТВЕРЖДАЮ:
G2: (наименование стройки) | M2: Зам. генерального директора
M3: Е.В.Гордеев
A4: _________________ | M4: _________________
A5: " _____ " ________________ 2013 г. | M5: "______ " __________2013 г.
G6: ЛОКАЛЬНЫЙ СМЕТНЫЙ РАСЧЕТ № 24798
G7: (локальная смета)
C9: на | D9: монтаж автоматической установки пожарной сигнализации и СОУЭ.
E10: Площадка 6. Здание 714.
H11: (наименование работ и затрат, наименование объекта)
D13: Основание: проект № 24531-13-ПС Тема КПМ Т6265.015 | N13: Справочно, в тыс.руб. :
D14: Сметная стоимость _______________________________________________________________________________________________ | J14: ___________________________55,584 | L14: тыс. руб. | N14: ВСЕГО: | P14: =P15+P16+P17 -> 302.17915
D15: монтажных работ _______________________________________________________________________________________________ | J15: _______________________________________________________________________________________________36,851 | L15: тыс. руб. | N15: с К=5,56 | P15: =36.851*5.56 -> 204.89156
D16: прочих (ПНР "в холостую") _______________________________________________________________________________________________ | J16: _______________________________________________________________________________________________3,664 | L16: тыс. руб. | N16: с К=9,32 | P16: =9.32*3.664 -> 34.14848
D17: оборудования _______________________________________________________________________________________________ | J17: _______________________________________________________________________________________________15,069 | L17: тыс. руб. | N17: с К=4,19 | P17: =4.19*15.069 -> 63.13911
D18: Средства на оплату труда _______________________________________________________________________________________________ | J18: ___________________________6,794 | L18: тыс. руб. | N18: с К=5,56 | P18: =5.56*6.794 -> 37.77464
D19: Сметная трудоемкость _______________________________________________________________________________________________ | J19: _______________________________________________________________________________________________436,28 | L19: чел.час
D20: Материалы ______________________________________ | K20: =K115/1000 -> 23.825 | L20: тыс.руб. | N20: с К=5,56 | P20: =K20*5.56 -> 132.467
D21: Составлен(а) в базовых ценах 2001г. в редакции 2009г.
A23: № пп | B23: Обоснова-ние | C23: Наименование | D23: Ед. изм. | E23: Кол. | F23: Стоимость единицы, руб. | J23: Общая стоимость, руб. | O23: Т/з осн. раб.на ед. | P23: Т/з осн. раб. Всего | Q23: Общая масса обору-дования, т
F24: Всего | G24: В том числе | J24: Обору-дование | K24: Всего | L24: В том числе
G25: Осн.З/п | H25: Эк.Маш | I25: З/пМех | L25: Осн.З/п | M25: Эк.Маш | N25: З/пМех
A26: 1 | B26: 2 | C26: 3 | D26: 4 | E26: 5 | F26: 6 | G26: 7 | H26: 8 | I26: 9 | J26: 10 | K26: 11 | L26: 12 | M26: 13 | N26: 14 | O26: 15 | P26: 16 | Q26: 17
A27: Раздел 1. Монтажные работы
A28: 1 | B28: Цена поставщика | C28: Пульт контроля и управления С2000-М (Ц:6504,30руб:1,18:4,19) | D28: 1 шт. | E28: 1 | J28: 1316 | K28: 1316
A29: 2 | B29: ТЕРм10-08-001-13 | C29: Монтаж: пульт контроля и управления С2000-М | D29: 1 шт. | E29: 1 | F29: 64.92 | G29: 57.52 | H29: 0.37 | K29: 65 | L29: 58 | O29: 4 | P29: 4
A30: 3 | B30: Цена поставщика | C30: Контроль по двухпроводной линии С2000-КДЛ-2И (Ц:2168,10руб:1,18:4,19) | D30: 1 шт. | E30: 2 | J30: 877 | K30: 877
A31: 4 | B31: ТЕРм10-08-001-13 | C31: Монтаж: контроллер С2000-КДЛ-2И | D31: 1 шт. | E31: 2 | F31: 64.92 | G31: 57.52 | H31: 0.37 | K31: 130 | L31: 115 | M31: 1 | O31: 4 | P31: 8
A32: 5 | B32: Цена поставщика | C32: Адресный релейный блок на два реле С2000-СП2 (Ц:1084,16руб:1,18:4,19) | D32: 1 шт. | E32: 2 | J32: 439 | K32: 439
A33: 6 | B33: ТЕРм10-08-001-13 | C33: Монтаж: блок сигнально-пусковой С2000-СП2 | D33: 1 шт. | E33: 2 | F33: 64.92 | G33: 57.52 | H33: 0.37 | K33: 130 | L33: 115 | M33: 1 | O33: 4 | P33: 8
A34: 7 | B34: Цена поставщика | C34: Преобразователь интерфейса RS-232 – RS-485 С2000-Ethernet (Ц:3143.80руб:1,18:4,19) | D34: 1 шт. | E34: 1 | J34: 636 | K34: 636
A35: 8 | B35: ТЕРм10-08-001-13 | C35: Монтаж преобразователя интерфейсов | D35: 1 шт. | E35: 1 | F35: 64.92 | G35: 57.52 | H35: 0.37 | K35: 65 | L35: 58 | O35: 4 | P35: 4
A36: 9 | B36: Цена поставщика | C36: Источник питания СКАТ2400И7 (Ц:4752руб:1,18:4,19) | D36: 1 шт. | E36: 1 | J36: 961 | K36: 961
A37: 10 | B37: ТЕРм10-02-016-06 | C37: Монтаж: преобразователь или блок питания | D37: 1 шт. | E37: 1 | F37: 256.7 | G37: 157.76 | H37: 33.83 | I37: 6.87 | K37: 257 | L37: 158 | M37: 34 | N37: 7 | O37: 10.1 | P37: 10.1
A38: 11 | B38: Цена поставщика | C38: АКБ 12в 12,0 А/ч (Ц:1403,60руб:1,18:5.56) | D38: шт | E38: 2 | F38: 213.94 | K38: 428
A39: 12 | B39: Цена поставщика | C39: Дымовой адресно-аналоговый извещатель "ИП 212-34А" (ДИП-34А-) (Ц:770руб :1,18:5,56) | D39: шт | E39: 33 | F39: 117.36 | K39: 3873
A40: 13 | B40: ТЕРм10-08-002-02 | C40: Извещатель ПС автоматический дымовой, фотоэлектрический, радиоизотопный, световой в нормальном исполнении | D40: 1 шт. | E40: 30 | F40: 28.38 | G40: 22.76 | H40: 0.46 | K40: 851 | L40: 683 | M40: 14 | O40: 1.68 | P40: 50.4
A41: 14 | B41: Цена поставщика | C41: Извещатель пожарный тепловой адресно-аналоговый С2000-ИП-02-02 (Ц:723,25руб :1,18:5,56) | D41: шт | E41: 5 | F41: 110.24 | K41: 551
A42: 15 | B42: ТЕРм10-08-002-02 | C42: Извещатель ПС автоматический дымовой, фотоэлектрический, радиоизотопный, световой в нормальном исполнении | D42: 1 шт. | E42: 4 | F42: 28.38 | G42: 22.76 | H42: 0.46 | K42: 114 | L42: 91 | M42: 2 | O42: 1.68 | P42: 6.72
A43: 16 | B43: Цена поставщика | C43: Извещатель ручной "ИПР 513-ЗАМ" исп. 01 (Ц:600руб 1,18:5,56) | D43: шт | E43: 6 | F43: 91.45 | K43: 549
A44: 17 | B44: ТЕРм10-04-066-05 | C44: Монтаж: извещатель пожарный ручной | D44: 1 шт. | E44: 5 | F44: 13.89 | G44: 12.78 | K44: 69 | L44: 64 | O44: 1 | P44: 5
A45: 18 | B45: Цена поставщика | C45: Адресный расширитель на 2 шл. С2000-АР2 (Ц:479,71руб:1,18:4,19) | D45: 1 шт. | E45: 1 | J45: 97 | K45: 97
A46: 19 | B46: ТЕРм10-08-001-13 | C46: Монтаж: адресный расширитель | D46: 1 шт. | E46: 1 | F46: 64.92 | G46: 57.52 | H46: 0.37 | K46: 65 | L46: 58 | O46: 4 | P46: 4
A47: 20 | B47: Цена поставщика | C47: Извещатель пламени т.Пульсар 3-015НК (Ц:16520руб :1,18:4,19)(Ц:479,71руб:1,18:4,19) | D47: 1 шт. | E47: 3 | J47: 10024 | K47: 10024
A48: 21 | B48: ТЕРм10-08-003-07 | C48: Монтаж извещателей пламени "Пульсар 3-015" | D48: 1 компл. | E48: 2 | F48: 104.48 | G48: 87.8 | H48: 1 | K48: 209 | L48: 176 | M48: 2 | O48: 6.48 | P48: 12.96
A49: 22 | B49: Цена поставщика | C49: Кабель оптоволоконный в металлорукаве для извещателя пламени пожарный "Пульсар 3-015 (Ц:859руб :1,18:5,56) | D49: м | E49: 75 | F49: 130.93 | K49: 9820
A50: 23 | B50: ТЕРм10-01-055-02 | C50: Прокладка оптоволоконного кабеля в металлорукаве для "ПУЛЬСАР 3-015" | D50: 100 м кабеля | E50: 0.5 | F50: 1837.57 | G50: 474.14 | H50: 129.78 | I50: 23.9 | K50: 919 | L50: 237 | M50: 65 | N50: 12 | O50: 37.1 | P50: 18.55
A51: 24 | B51: Цена поставщика | C51: Оповещатель звуковой "Антишок" (Ц:520,20руб :1,18:5,56) | D51: шт | E51: 6 | F51: 79.26 | K51: 476
A52: 25 | B52: ТЕРм10-04-066-05 | C52: Монтаж: оповещатель звуковой | D52: 1 шт. | E52: 6 | F52: 13.89 | G52: 12.78 | K52: 83 | L52: 77 | O52: 1 | P52: 6
A53: 26 | B53: Цена поставщика | C53: Светоуказатель Выход "Люкс-24" (Ц:175руб :1,18:5,56) | D53: шт | E53: 5 | F53: 26.67 | K53: 133
A54: 27 | B54: ТЕРм10-04-066-06 | C54: Монтаж: оповещатель световой | D54: 1 шт. | E54: 5 | F54: 98.76 | G54: 74.88 | K54: 494 | L54: 374 | O54: 6 | P54: 30
A55: 28 | B55: Цена поставщика | C55: Блок защиты от скачков напряжения "Альбатрос-500" (Ц:528руб:1,18:4,19) | D55: шт | E55: 1 | J55: 107 | K55: 107
A56: 29 | B56: ТЕРм10-08-003-03 | C56: Монтаж: блок защиты от скачков напряжения "АЛЬБАТРОС-500" | D56: 1 шт. | E56: 1 | F56: 59.97 | G56: 51.77 | H56: 0.37 | K56: 60 | L56: 52 | O56: 3.6 | P56: 3.6
A57: 30 | B57: ТСЦ-509-0323 | C57: Выключатели автоматические ВА47-29 | D57: шт. | E57: 1 | F57: 33.29 | K57: 33
A58: 31 | B58: ТЕРм08-03-526-01 | C58: Автомат одно-, двух-, трехполюсный, устанавливаемый на конструкции, на ток до 25 А | D58: 1 шт. | E58: 1 | F58: 174.77 | G58: 20.9 | H58: 1.28 | K58: 175 | L58: 21 | M58: 1 | O58: 1.56 | P58: 1.56
A59: 32 | B59: ТСЦ-501-8190 | C59: Кабель силовой с медными жилами с поливинилхлоридной изоляцией в поливинилхлоридной оболочке без защитного покрова ВВГ, напряжением 0,66 Кв, число жил 3 и сечением 1,5 мм2 | D59: 1000 м | E59: 0.08 | F59: 6962.8 | K59: 557
A60: 33 | B60: ТСЦ-501-8183 | C60: Кабель силовой с медными жилами с поливинилхлоридной изоляцией в поливинилхлоридной оболочке без защитного покрова ВВГ, напряжением 0,66 Кв, число жил 2 и сечением 1,5 мм2 | D60: 1000 м | E60: 0.004 | F60: 4439.3 | K60: 18
A61: 34 | B61: ТЕРм08-02-401-01 | C61: Кабель двух-четырехжильный сечением жилы до 16 мм2 с креплением накладными скобами, полосками с установкой ответвительных коробок | D61: 100 м | E61: 0.12 | F61: 4032.86 | G61: 683.7 | H61: 957.86 | I61: 390.47 | K61: 484 | L61: 82 | M61: 115 | N61: 47 | O61: 51.6 | P61: 6.19
A62: 35 | B62: Цена поставщика | C62: Кабель КПСнг(А)-FRLS 1х2х0,5 (Ц:30018руб :1,18:5,56) | D62: 1000 м | E62: 0.556 | F62: 4575.36 | K62: 2544
A63: 36 | B63: Цена поставщика | C63: КПСЭнг(А)-FRLS 2х2х0,5 (Ц:61843руб :1,18:5,56) | D63: 1000 м | E63: 0.012 | F63: 9426.14 | K63: 113
A64: 37 | B64: Цена поставщика | C64: КИПЭВнг(А)-LS 1х2х0,6 (Ц:54600руб :1,18:5,56) | D64: 1000 м | E64: 0.003 | F64: 8322.16 | K64: 25
A65: 38 | B65: ТЕРм08-02-399-01 | C65: Провод (кабель) в коробах, сечением до 6 мм2 | D65: 100 м | E65: 5.71 | F65: 189.23 | G65: 46.64 | H65: 56.09 | I65: 24.55 | K65: 1081 | L65: 266 | M65: 320 | N65: 140 | O65: 3.52 | P65: 20.1
A66: 39 | B66: ТСЦ-503-0460 | C66: Разветвительная коробка УК-2 | D66: шт. | E66: 7 | F66: 2.85 | K66: 20
A67: 40 | B67: ТЕРм10-08-019-01 | C67: Коробка ответвительная на стене | D67: 1 шт. | E67: 6 | F67: 7.32 | G67: 6.88 | K67: 44 | L67: 41 | O67: 0.5 | P67: 3
A68: 41 | B68: ТЕРм10-04-030-04 | C68: Дополнительная установка на пультах и панелях колодки клеммной на 20 клемм | D68: 1 шт. | E68: 4 | F68: 27.06 | G68: 11.51 | K68: 108 | L68: 46 | O68: 1 | P68: 4
A69: 42 | B69: ТСЦ-509-0100 прим. | C69: Клеммная колодка | D69: шт. | E69: 4 | F69: 4.52 | K69: 18
A70: 43 | B70: ТЕРм10-06-037-06 | C70: Шкаф для трубных проводок настенный, размер до 700х1000 мм | D70: 1 шт. | E70: 1 | F70: 140.74 | G70: 27.86 | H70: 3.58 | K70: 141 | L70: 28 | M70: 4 | O70: 2.18 | P70: 2.18
A71: 44 | B71: Цена поставщика | C71: Шкаф автоматики со стеклянной дверцей 700х500х200 SR 7520V (Ц:6838,11руб :1,18:5,56) | D71: шт | E71: 1 | F71: 1042.27 | K71: 1042
A72: 45 | B72: Цена поставщика | C72: Панель модульная PF 7050 (Ц:2180,56руб :1,18:5,56) | D72: шт | E72: 1 | F72: 332.36 | K72: 332
A73: 46 | B73: Цена поставщика | C73: Петли для крепления шкафа АА 1206 (Ц:351,13руб :1,18:5,56) | D73: копл-кт | E73: 1 | F73: 53.52 | K73: 54
A74: 47 | B74: Цена поставщика | C74: Комплект стоек длиной 25 мм (12 шт) АА 8025 (Ц:554,68руб :1,18:5,56) | D74: шт | E74: 1 | F74: 84.54 | K74: 85
A75: 48 | B75: ФЕРм08-02-390-01 | C75: Короба пластмассовые: шириной до 40 мм КОЭФ. К ПОЗИЦИИ: Приведение расценок ФЕР к территориальному уровню (Письмо УРЦЦС Ц-297 от 12.04.2011) ОЗП=1,41; ЭМ=1,242; ЗПМ=1,41; МАТ=1,052 | D75: 100 м | E75: 2.05 | F75: 311.4 | G75: 218.44 | H75: 38.75 | I75: 0.17 | K75: 638 | L75: 448 | M75: 79 | O75: 16.29 | P75: 33.39
A76: 49 | B76: ФССЦ-509-1831 прим. | C76: Кабель-канал (короб) "Электропласт" 15x17 мм КОЭФ. К ПОЗИЦИИ: Приведение расценок ФЕР к территориальному уровню (Письмо УРЦЦС Ц-297 от 12.04.2011) ОЗП=1,41; ЭМ=1,242; ЗПМ=1,41; МАТ=1,052 | D76: м | E76: 205 | F76: 1.8 | K76: 369
A77: 50 | B77: ТСЦ-509-0584 | C77: Резисторы, диоды | D77: шт. | E77: 20 | F77: 1.19 | K77: 24
A78: 51 | B78: ТЕРм11-03-001-01 | C78: Монтаж: резисторы, диоды | D78: 1 шт. | E78: 14 | F78: 8.41 | G78: 7.26 | K78: 118 | L78: 102 | O78: 0.52 | P78: 7.28
A79: 52 | B79: Цена поставщика | C79: Шина нул в корп изол на DIN-рейку ШНИ-6х9-12-К-З ИЭК YNN10-69-12KD-K06 (Ц:59,37руб :1,18:5,56) | D79: шт | E79: 2 | F79: 9.05 | K79: 18
A80: 53 | B80: Цена поставщика | C80: DIN-рейка (40см) оцинкованная (Ц:40,40руб :1,18:5,56) | D80: шт | E80: 1 | F80: 6.16 | K80: 6
A81: 54 | B81: Цена поставщика | C81: Шина "N"нулевая 6х9мм 14/2 (14групп/крепеж по краям) ИЭК YNN11-14-100 (Ц:64,96руб :1,18:5,56) | D81: шт | E81: 2 | F81: 9.9 | K81: 20
A82: 55 | B82: Цена поставщика | C82: Изолятор DIN желтый YIS21 (Ц:8,75руб :1,18:5,56) | D82: шт | E82: 2 | F82: 1.33 | K82: 3
A83: Раздел 2. Пусконаладочные работы (в холостую 80%)
A84: 56 | B84: ТЕРп01-10-001-01 | C84: Сбор и реализация сигналов информации устройств защиты, автоматики электрических и технологических режимов КОЭФ. К ПОЗИЦИИ: 0.10 При выполнении пусконаладочных работ на высоте от 2 до 8м ОЗП=1,1; ТЗ=1,1 | D84: 1 сигнал | E84: 48 | F84: 27.19 | G84: 27.19 | K84: 1305 | L84: 1305 | O84: 1.65 | P84: 79.2
A85: 57 | B85: ТЕРп01-10-010-01 | C85: Схема контроля изоляции электрической сети с помощью электроизмерительных приборов | D85: 1 схема | E85: 2 | F85: 95.38 | G85: 95.38 | K85: 191 | L85: 191 | O85: 6 | P85: 12
A86: 58 | B86: ТЕРп02-01-002-01 | C86: Автоматизированная система управления II категории технической сложности с количеством каналов (Кобщ) 2 | D86: 1 система | E86: 1 | F86: 366.98 | G86: 366.98 | K86: 367 | L86: 367 | O86: 17.6 | P86: 17.6
A87: Итого прямые затраты по смете в ценах 2001г. | K87: 43731 | L87: 5213 | M87: 638 | N87: 206 | P87: 357.83
A88: Итого прямые затраты по смете с учетом коэффициентов к итогам | K88: 46271 | L88: 6504 | M88: 873 | N88: 290 | P88: 436.28
A89: В том числе, справочно:
A90: Районный к-т 4,3% (Поз. 2, 4, 6, 8, 10, 13, 15, 19, 21, 23, 29, 40, 51, 17, 25, 27, 41, 31, 34, 38, 48, 43, 56-58) | K90: 233 | L90: 224 | M90: 9 | N90: 9
A91: Заготовительно-складские расходы на материалы - согласно п.4.64 из МДС 81-35.2004 МАТ=1,02 (Поз. 11, 22, 24, 45-47, 52-55, 12, 14, 16, 26, 35-37, 39, 44) | K91: 402
A92: Транспортные расходы на оборудование - согласно п.4.60 из МДС 81-35.2004 ПЗ=1,03 (ОЗП=1,03; ЭМ=1,03; МАТ=1,03) (Поз. 1, 3, 5, 7, 9, 18, 20, 28) | K92: 434
A93: Заготовительно-складские расходы на оборудование - согласно п.4.64 из МДС 81-35.2004 ПЗ=1,012 (ОЗП=1,012; ЭМ=1,012; МАТ=1,012) (Поз. 1, 3, 5, 7, 9, 18, 20, 28) | K93: 178
A94: 2. Производство монтажных работ в существующих зданиях и сооружениях в стесненных условиях ОЗП=1,35; ЭМ=1,35; ЗПМ=1,35; ТЗ=1,35; ТЗМ=1,35 (Поз. 2, 4, 6, 8, 10, 13, 15, 19, 21, 23, 29, 40, 51, 17, 25, 27, 41, 31, 34, 38, 48, 43) | K94: 1449 | L94: 1223 | M94: 226 | N94: 75 | P94: 87.1605
A95: 3. ПНР на действующих предприятиях в зданиях при наличии в зоне производства работ загромождающих помещения предметов ОЗП=1,15; ТЗ=1,15 (Поз. 56-58) | K95: 291 | L95: 291 | P95: 16.32
A96: Пусконаладочные работы (в холостую 80%) ПЗ=0,8 (ОЗП=0,8; ЭМ=0,8; ЗПМ=0,8; МАТ=0,8; ТЗ=0,8; ТЗМ=0,8) (Поз. 56-58) | K96: -447 | L96: -447 | P96: -25.024
A97: Накладные расходы | K97: 5482
A98: В том числе, справочно:
A99: 65% ФОТ (от 1787) (Поз. 56-58) | K99: 1162
A100: 80% ФОТ (от 2765) (Поз. 2, 4, 6, 8, 10, 13, 15, 19, 21, 23, 29, 40, 51) | K100: 2212
A101: 92% ФОТ (от 790) (Поз. 17, 25, 27, 41) | K101: 727
A102: 95% ФОТ (от 1413) (Поз. 31, 34, 38, 48) | K102: 1342
A103: 100% ФОТ (от 39) (Поз. 43) | K103: 39
...

Sheet НМЦ
A1: г. Лесной ФГУП "Комбинат "Электрохимприбор"
A3: Расчет начальной (максимальной) цены
A5: Выполнение работ по монтажу автоматической пожарной сигнализации и системы оповещения и управления эвакуации людей при пожаре на объектах ФГУП «Комбинат «Электрохимприбор»
A8: Составлен в ценах по состоянию на 01.01.2000 г. с переводом в текущие | D8: руб.
A9: Наименование глав ССР, объектных сметных расчетов, локальных сметных расчетов, видов работ | B9: Сметная стоимость в базисных ценах на 01.01.2000 | C9: Текущая стоимость на момент определения начальной (максимальной) цены | D9: № обосновывающего расчета
A13: 1 | B13: 2 | C13: 3 | D13: 4
A14: монтаж СОУЭ, системы отключения вентиляции при пожаре. Здание 292. Инв. № 7612877. Раздел: электроснабжение огнезадерживающих клапанов. | B14: ='Сводка затрат'!H13 -> 160906 | C14: =ROUND('Сводка затрат'!E13*5.56,0)+ROUND('Сводка затрат'!F13*4.19,0)+ROUND('Сводка затрат'!G13*9.32,0) -> 731217 | D14: 23938
A15: монтаж СОУЭ, системы отключения вентиляции при пожаре. Здание 292. Инв. № 7612877. Раздел: управление пожарной автоматикой | B15: ='Сводка затрат'!H14 -> 187278 | C15: =ROUND('Сводка затрат'!E14*5.56,0)+ROUND('Сводка затрат'!F14*4.19,0)+ROUND('Сводка затрат'!G14*9.32,0) -> 1041266 | D15: 24221
A16: монтаж СОУЭ, системы отключения вентиляции при пожаре. Здание 292. Инв. № 7612877. Раздел: управление пожарной автоматикой | B16: ='Сводка затрат'!H15 -> 9494 | C16: =ROUND('Сводка затрат'!E15*5.56,0)+ROUND('Сводка затрат'!F15*4.19,0)+ROUND('Сводка затрат'!G15*9.32,0) -> 49502 | D16: 24289
A17: монтаж автоматической установки пожарной сигнализации и СОУЭ. Отключение вентсистем. Площадка 1. Здание 301 инв. №5731020 | B17: ='Сводка затрат'!H16 -> 193899 | C17: =ROUND('Сводка затрат'!E16*5.56,0)+ROUND('Сводка затрат'!F16*4.19,0)+ROUND('Сводка затрат'!G16*9.32,0) -> 983552 | D17: 24671
A18: монтаж автоматической установки пожарной сигнализации и СОУЭ. Отключение вентиляции. Площадка 1. Цех 005. Здание 141. Инв.№ 5700278 | B18: ='Сводка затрат'!H17 -> 47797 | C18: =ROUND('Сводка затрат'!E17*5.56,0)+ROUND('Сводка затрат'!F17*4.19,0)+ROUND('Сводка затрат'!G17*9.32,0) -> 275078 | D18: 24780
A19: монтаж автоматической установки пожарной сигнализации и СОУЭ. Площадка 6. Здание 714. | B19: ='Сводка затрат'!H18 -> 55584 | C19: =ROUND('Сводка затрат'!E18*5.56,0)+ROUND('Сводка затрат'!F18*4.19,0)+ROUND('Сводка затрат'!G18*9.32,0) -> 302179 | D19: 24798
A20: Итого | B20: =SUM(B14:B19) -> 654958 | C20: =SUM(C14:C19) -> 3382794
A22: НДС 18% | C22: =ROUND(C20*18%,2) -> 608902.92
A24: Всего | C24: =SUM(C20:C23) -> 3991696.9
A27: Начальник отдела
A28: капитального строительства | C28: В.В. Моляков
A30: Инженер по проектно-сметной работе | C30: Т.Ш. Ковязина
A33: Согласовано | C33: отдел 028

Sheet Сводка затрат
A1: Приложение №__ к договору от "__"______2013 №_______
A3: г. Лесной. ФГУП "Комбинат "Электрохимприбор"
A5: Сводка затрат
A7: Выполнение работ по монтажу автоматической пожарной сигнализации и системы оповещения и управления эвакуации людей при пожаре на объектах ФГУП «Комбинат «Электрохимприбор»
A9: Составлен в ценах по состоянию на 01.01.2000 г.
A10: № п/п | B10: Номера сметных расчетов и смет | C10: Наименование работ и затрат | D10: Сметная стоимость | H10: Общая сметная стоимость, руб.
D11: строительных работ | E11: монтажных работ | F11: оборудования, мебели, инвентаря | G11: прочих затрат
A12: 1 | B12: 2 | C12: 3 | D12: 4 | E12: 5 | F12: 6 | G12: 7 | H12: 8
A13: 1 | B13: 23938 | C13: монтаж СОУЭ, системы отключения вентиляции при пожаре. Здание 292. Инв. № 7612877. Раздел: электроснабжение огнезадерживающих клапанов. | D13: 0 | E13: ='23938'!K57 -> 41621 | F13: ='23938'!K58 -> 119285 | G13: 0 | H13: =SUM(D13:G13) -> 160906 | J13: =ROUND(E13*5.56,0) -> 231413 | K13: =ROUND(F13*4.19,0) -> 499804 | L13: =ROUND(G13*9.32,0) -> 0 | M13: =SUM(J13:L13) -> 731217
A14: 2 | B14: 24221 | C14: монтаж СОУЭ, системы отключения вентиляции при пожаре. Здание 292. Инв. № 7612877. Раздел: управление пожарной автоматикой | D14: 0 | E14: ='24221'!J60 -> 187278 | F14: 0 | G14: 0 | H14: =SUM(D14:G14) -> 187278 | J14: =ROUND(E14*5.56,0) -> 1041266 | K14: =ROUND(F14*4.19,0) -> 0 | L14: =ROUND(G14*9.32,0) -> 0 | M14: =SUM(J14:L14) -> 1041266
A15: 3 | B15: 24289 | C15: монтаж СОУЭ, системы отключения вентиляции при пожаре. Здание 292. Инв. № 7612877. Раздел: управление пожарной автоматикой | D15: 0 | E15: ='24289'!J59 -> 7096 | F15: ='24289'!J60 -> 2398 | G15: 0 | H15: =SUM(D15:G15) -> 9494 | J15: =ROUND(E15*5.56,0) -> 39454 | K15: =ROUND(F15*4.19,0) -> 10048 | L15: =ROUND(G15*9.32,0) -> 0 | M15: =SUM(J15:L15) -> 49502
A16: 4 | B16: 24671 | C16: монтаж автоматической установки пожарной сигнализации и СОУЭ. Отключение вентсистем. Площадка 1. Здание 301 инв. №5731020 | D16: 0 | E16: ='24671'!K123 -> 94058 | F16: ='24671'!K124 -> 91604 | G16: ='24671'!K125 -> 8237 | H16: =SUM(D16:G16) -> 193899 | J16: =ROUND(E16*5.56,0) -> 522962 | K16: =ROUND(F16*4.19,0) -> 383821 | L16: =ROUND(G16*9.32,0) -> 76769 | M16: =SUM(J16:L16) -> 983552
A17: 5 | B17: 24780 | C17: монтаж автоматической установки пожарной сигнализации и СОУЭ. Отключение вентиляции. Площадка 1. Цех 005. Здание 141. Инв.№ 5700278 | D17: 0 | E17: ='24780'!K108 -> 37979 | F17: ='24780'!K109 -> 5378 | G17: ='24780'!K110 -> 4440 | H17: =SUM(D17:G17) -> 47797 | J17: =ROUND(E17*5.56,0) -> 211163 | K17: =ROUND(F17*4.19,0) -> 22534 | L17: =ROUND(G17*9.32,0) -> 41381 | M17: =SUM(J17:L17) -> 275078
A18: 6 | B18: 24798 | C18: монтаж автоматической установки пожарной сигнализации и СОУЭ. Площадка 6. Здание 714. | D18: 0 | E18: ='24798'!K110 -> 36851 | F18: ='24798'!K111 -> 15069 | G18: ='24798'!K112 -> 3664 | H18: =SUM(D18:G18) -> 55584 | J18: =ROUND(E18*5.56,0) -> 204892 | K18: =ROUND(F18*4.19,0) -> 63139 | L18: =ROUND(G18*9.32,0) -> 34148 | M18: =SUM(J18:L18) -> 302179
C19: Итого в базисных ценах 2000 г. | D19: =SUM(D13:D18) -> 0 | E19: =SUM(E13:E18) -> 404883 | F19: =SUM(F13:F18) -> 233734 | G19: =SUM(G13:G18) -> 16341 | H19: =SUM(D19:G19) -> 654958 | J19: =SUM(J13:J18) -> 2251150 | K19: =SUM(K13:K18) -> 979346 | L19: =SUM(L13:L18) -> 152298 | M19: =SUM(M13:M18) -> 3382794
C20: Всего в ценах 2013 (Ксмр=5,56, Коб.=4,19, Кпрочие = 9,32) | D20: =ROUND(D19*5.56,0) -> 0 | E20: =ROUND(E19*5.56,0) -> 2251149 | F20: =ROUND(F19*4.19,0)+1 -> 979346 | G20: =ROUND(G19*9.32,0) -> 152298 | H20: =SUM(D20:G20) -> 3382793
C21: НДС 18% | D21: =ROUND(D20*18%,2) -> 0 | E21: =ROUND(E20*18%,2) -> 405206.82 | F21: =ROUND(F20*18%,2) -> 176282.28 | G21: =ROUND(G20*18%,2) -> 27413.64 | H21: =SUM(D21:G21) -> 608902.74
C22: Всего в ценах 2012 с НДС | D22: =SUM(D20:D21) -> 0 | E22: =SUM(E20:E21) -> 2656355.8 | F22: =SUM(F20:F21) -> 1155628.3 | G22: =SUM(G20:G21) -> 179711.64 | H22: =SUM(D22:G22) -> 3991695.7
C26: ЗАКАЗЧИК: | H26: ПОДРЯДЧИК:
C27: Генеральный директор
C28: ФГУП "Комбинат "Электрохимприбор"
C30: __________________ А.В. Новиков
